Workbook

Sheet Exec Summary
B3: Finance Scorecard - Actual
B4: All cells automatically calculated
C5: Jan | D5: Feb | E5: Mar | F5: Apr | G5: May | H5: Jun | I5: Jul | J5: Aug | K5: Sep | L5: Oct | M5: Nov | N5: Dec | O5: YEAR
B6: Product Resell Revenue | C6: =ACTUAL!B8 -> 0 | D6: =ACTUAL!C8 -> 0 | E6: =ACTUAL!D8 -> 0 | F6: =ACTUAL!E8 -> 0 | G6: =ACTUAL!F8 -> 0 | H6: =ACTUAL!G8 -> 0 | I6: =ACTUAL!H8 -> 0 | J6: =ACTUAL!I8 -> 0 | ... N6: =ACTUAL!M8 -> 0 | O6: =C6+D6+E6+F6+G6+H6+I6+J6+K6+L6+M6+N6 -> 0
B7: Services Revenue | C7: =ACTUAL!B19 -> 0 | D7: =ACTUAL!C19 -> 0 | E7: =ACTUAL!D19 -> 0 | F7: =ACTUAL!E19 -> 0 | G7: =ACTUAL!F19 -> 0 | H7: =ACTUAL!G19 -> 0 | I7: =ACTUAL!H19 -> 0 | J7: =ACTUAL!I19 -> 0 | ... N7: =ACTUAL!M19 -> 0 | O7: =C7+D7+E7+F7+G7+H7+I7+J7+K7+L7+M7+N7 -> 0
B8: Total Revenue | C8: =ACTUAL!B22 -> 0 | D8: =ACTUAL!C22 -> 0 | E8: =ACTUAL!D22 -> 0 | F8: =ACTUAL!E22 -> 0 | G8: =ACTUAL!F22 -> 0 | H8: =ACTUAL!G22 -> 0 | I8: =ACTUAL!H22 -> 0 | J8: =ACTUAL!I22 -> 0 | ... N8: =ACTUAL!M22 -> 0 | O8: =C8+D8+E8+F8+G8+H8+I8+J8+K8+L8+M8+N8 -> 0
O9: =C9+D9+E9+F9+G9+H9+I9+J9+K9+L9+M9+N9 -> 0
B10: Total COGS | C10: =ACTUAL!B38 -> 0 | D10: =ACTUAL!C38 -> 0 | E10: =ACTUAL!D38 -> 0 | F10: =ACTUAL!E38 -> 0 | G10: =ACTUAL!F38 -> 0 | H10: =ACTUAL!G38 -> 0 | I10: =ACTUAL!H38 -> 0 | J10: =ACTUAL!I38 -> 0 | ... N10: =ACTUAL!M38 -> 0 | O10: =C10+D10+E10+F10+G10+H10+I10+J10+K10+L10+M10+N10 -> 0
O11: =C11+D11+E11+F11+G11+H11+I11+J11+K11+L11+M11+N11 -> 0
B12: Total Gross Profit | C12: =ACTUAL!B43 -> 0 | D12: =ACTUAL!C43 -> 0 | E12: =ACTUAL!D43 -> 0 | F12: =ACTUAL!E43 -> 0 | G12: =ACTUAL!F43 -> 0 | H12: =ACTUAL!G43 -> 0 | I12: =ACTUAL!H43 -> 0 | J12: =ACTUAL!I43 -> 0 | ... N12: =ACTUAL!M43 -> 0 | O12: =C12+D12+E12+F12+G12+H12+I12+J12+K12+L12+M12+N12 -> 0
O13: =C13+D13+E13+F13+G13+H13+I13+J13+K13+L13+M13+N13 -> 0
B14: Total Expenses | C14: =ACTUAL!B93 -> 0 | D14: =ACTUAL!C93 -> 0 | E14: =ACTUAL!D93 -> 0 | F14: =ACTUAL!E93 -> 0 | G14: =ACTUAL!F93 -> 0 | H14: =ACTUAL!G93 -> 0 | I14: =ACTUAL!H93 -> 0 | J14: =ACTUAL!I93 -> 0 | ... N14: =ACTUAL!M93 -> 0 | O14: =C14+D14+E14+F14+G14+H14+I14+J14+K14+L14+M14+N14 -> 0
O15: =C15+D15+E15+F15+G15+H15+I15+J15+K15+L15+M15+N15 -> 0
B16: Net Profit | C16: =ACTUAL!B97 -> 0 | D16: =ACTUAL!C97 -> 0 | E16: =ACTUAL!D97 -> 0 | F16: =ACTUAL!E97 -> 0 | G16: =ACTUAL!F97 -> 0 | H16: =ACTUAL!G97 -> 0 | I16: =ACTUAL!H97 -> 0 | J16: =ACTUAL!I97 -> 0 | ... N16: =ACTUAL!M97 -> 0 | O16: =C16+D16+E16+F16+G16+H16+I16+J16+K16+L16+M16+N16 -> 0
B17: Asset Payments | C17: =ACTUAL!B98 -> 0 | D17: =ACTUAL!C98 -> 0 | E17: =ACTUAL!D98 -> 0 | F17: =ACTUAL!E98 -> 0 | G17: =ACTUAL!F98 -> 0 | H17: =ACTUAL!G98 -> 0 | I17: =ACTUAL!H98 -> 0 | J17: =ACTUAL!I98 -> 0 | ... N17: =ACTUAL!M98 -> 0 | O17: =C17+D17+E17+F17+G17+H17+I17+J17+K17+L17+M17+N17 -> 0
B18: Operating Profit | C18: =ACTUAL!B99 -> 0 | D18: =ACTUAL!C99 -> 0 | E18: =ACTUAL!D99 -> 0 | F18: =ACTUAL!E99 -> 0 | G18: =ACTUAL!F99 -> 0 | H18: =ACTUAL!G99 -> 0 | I18: =ACTUAL!H99 -> 0 | J18: =ACTUAL!I99 -> 0 | ... N18: =ACTUAL!M99 -> 0 | O18: =C18+D18+E18+F18+G18+H18+I18+J18+K18+L18+M18+N18 -> 0
B20: Net Profit % (Pre-Bonus) | C20: =C16/C8 -> #DIV/0! | D20: =D16/D8 -> #DIV/0! | E20: =E16/E8 -> #DIV/0! | F20: =F16/F8 -> #DIV/0! | G20: =G16/G8 -> #DIV/0! | H20: =H16/H8 -> #DIV/0! | I20: =I16/I8 -> #DIV/0! | J20: =J16/J8 -> #DIV/0! | ... O20: =O16/O8 -> #DIV/0!
B21: Net Profit % (Post-Bonus) | C21: =(C16/C8)*0.75 -> #DIV/0! | D21: =(D16/D8)*0.75 -> #DIV/0! | E21: =(E16/E8)*0.75 -> #DIV/0! | F21: =(F16/F8)*0.75 -> #DIV/0! | G21: =(G16/G8)*0.75 -> #DIV/0! | H21: =(H16/H8)*0.75 -> #DIV/0! | I21: =(I16/I8)*0.75 -> #DIV/0! | J21: =(J16/J8)*0.75 -> #DIV/0! | ... O21: =(O16/O8)*0.75 -> #DIV/0!
B22: GM % | C22: =C12/C8 -> #DIV/0! | D22: =D12/D8 -> #DIV/0! | E22: =E12/E8 -> #DIV/0! | F22: =F12/F8 -> #DIV/0! | G22: =G12/G8 -> #DIV/0! | H22: =H12/H8 -> #DIV/0! | I22: =I12/I8 -> #DIV/0! | J22: =J12/J8 -> #DIV/0! | ... O22: =O12/O8 -> #DIV/0!
B23: MRR $ | C23: =ACTUAL!B11+ACTUAL!B12 -> 0 | D23: =ACTUAL!C11+ACTUAL!C12 -> 0 | E23: =ACTUAL!D11+ACTUAL!D12 -> 0 | F23: =ACTUAL!E11+ACTUAL!E12 -> 0 | G23: =ACTUAL!F11+ACTUAL!F12 -> 0 | H23: =ACTUAL!G11+ACTUAL!G12 -> 0 | I23: =ACTUAL!H11+ACTUAL!H12 -> 0 | J23: =ACTUAL!I11+ACTUAL!I12 -> 0 | ... O23: =ACTUAL!N11+ACTUAL!N12 -> 0
B25: YTD % Revenue | F25: YTD % Expenses
B26: Hardware/Software Sales | C26: =ACTUAL!N6/ACTUAL!N22 -> #DIV/0! | F26: Payroll | G26: =(ACTUAL!N34+ACTUAL!N35+ACTUAL!N37+ACTUAL!N47+ACTUAL!N48+ACTUAL!N82+ACTUAL!N83+ACTUAL!N84)/(ACTUAL!N34+ACTUAL!N35+ACTUAL!N37+ACTUAL!N47+ACTUAL!N48+ACTUAL!N49+ACTUAL!N72+ACTUAL!N85+ACTUAL!N90) -> #DIV/0!
B27: MSP | C27: =(ACTUAL!N11+ACTUAL!N12)/ACTUAL!N22 -> #DIV/0! | F27: Office Costs | G27: =ACTUAL!N72/(ACTUAL!N93+ACTUAL!N50+ACTUAL!N34+ACTUAL!N35+ACTUAL!N37+ACTUAL!N82+ACTUAL!N83+ACTUAL!N84) -> #DIV/0!
B28: Project | C28: =(ACTUAL!N13+ACTUAL!N14)/ACTUAL!N22 -> #DIV/0! | F28: Mkt and Sales | G28: =ACTUAL!N85/(ACTUAL!N93+ACTUAL!N50+ACTUAL!N34+ACTUAL!N35+ACTUAL!N37+ACTUAL!N82+ACTUAL!N83+ACTUAL!N84) -> #DIV/0!
B29: Break-Fix | C29: =ACTUAL!N16/ACTUAL!N22 -> #DIV/0! | F29: Vehicles | G29: =ACTUAL!N90/(ACTUAL!N93+ACTUAL!N50+ACTUAL!N34+ACTUAL!N35+ACTUAL!N37+ACTUAL!N82+ACTUAL!N83+ACTUAL!N84) -> #DIV/0!

Sheet Budget
A3: Detailed Budget Estimates
A4: Shaded cells are calculations.
A5: Planned Revenue | B5: Jan | C5: Feb | D5: Mar | E5: Apr | F5: May | G5: Jun | H5: Jul | I5: Aug | J5: Sep | K5: Oct | L5: Nov | M5: Dec | N5: YEAR
A6: Product Resell Revenue | B6: Jan | C6: Feb | D6: Mar | E6: Apr | F6: May | G6: Jun | H6: Jul | I6: Aug | J6: Sep | K6: Oct | L6: Nov | M6: Dec | N6: YEAR
A7: Product Sales | N7: =SUM(B7:M7) -> 0
N8: =SUM(B8:M8) -> 0
A9: Subtotal | B9: =B7+B8 -> 0 | C9: =C7+C8 -> 0 | D9: =D7+D8 -> 0 | E9: =E7+E8 -> 0 | F9: =F7+F8 -> 0 | G9: =G7+G8 -> 0 | H9: =H7+H8 -> 0 | I9: =I7+I8 -> 0 | ... N9: =N7+N8 -> 0
A11: Services Revenue | B11: Jan | C11: Feb | D11: Mar | E11: Apr | F11: May | G11: Jun | H11: Jul | I11: Aug | J11: Sep | K11: Oct | L11: Nov | M11: Dec | N11: YEAR
A12: (MSP) Infra Managed Revenue | N12: =SUM(B12:M12) -> 0
A13: Other Recurring Revenue | N13: =SUM(B13:M13) -> 0
A14: Project Revenue | N14: =SUM(B14:M14) -> 0
A15: Compliance Dept. Project Rev | N15: =SUM(B15:M15) -> 0
A16: Compliance Dept. Recurring Rev | N16: =SUM(B16:M16) -> 0
A17: Break-Fix Revenue | N17: =SUM(B17:M17) -> 0
A18: Web Revenue (including recurring) | N18: =SUM(B18:M18) -> 0
A19: Other Revenue | N19: =SUM(B19:M19) -> 0
A20: Subtotal | B20: =SUM(B12:B19) -> 0 | C20: =SUM(C12:C19) -> 0 | D20: =SUM(D12:D19) -> 0 | E20: =SUM(E12:E19) -> 0 | F20: =SUM(F12:F19) -> 0 | G20: =SUM(G12:G19) -> 0 | H20: =SUM(H12:H19) -> 0 | I20: =SUM(I12:I19) -> 0 | ... M20: =SUM(M12:M19) -> 0 | N20: =SUM(tblEmplPlan1415[YEAR]) -> 0
A22: TOTAL Revenue
A23: TOTAL Planned Revenue | B23: =tblEmplPlan14[[#Totals],[Jan]]+tblEmplPlan1415[[#Totals],[Jan]] -> 0 | C23: =tblEmplPlan14[[#Totals],[Feb]]+tblEmplPlan1415[[#Totals],[Feb]] -> 0 | D23: =tblEmplPlan14[[#Totals],[Mar]]+tblEmplPlan1415[[#Totals],[Mar]] -> 0 | E23: =tblEmplPlan14[[#Totals],[Apr]]+tblEmplPlan1415[[#Totals],[Apr]] -> 0 | F23: =tblEmplPlan14[[#Totals],[May]]+tblEmplPlan1415[[#Totals],[May]] -> 0 | G23: =tblEmplPlan14[[#Totals],[Jun]]+tblEmplPlan1415[[#Totals],[Jun]] -> 0 | H23: =tblEmplPlan14[[#Totals],[Jul]]+tblEmplPlan1415[[#Totals],[Jul]] -> 0 | I23: =tblEmplPlan14[[#Totals],[Aug]]+tblEmplPlan1415[[#Totals],[Aug]] -> 0 | J23: =tblEmplPlan14[[#Totals],[Sep]]+tblEmplPlan1415[[#Totals],[Sep]] -> 0 | K23: =tblEmplPlan14[[#Totals],[Oct]]+tblEmplPlan1415[[#Totals],[Oct]] -> 0 | L23: =tblEmplPlan14[[#Totals],[Nov]]+tblEmplPlan1415[[#Totals],[Nov]] -> 0 | M23: =tblEmplPlan14[[#Totals],[Dec]]+tblEmplPlan1415[[#Totals],[Dec]] -> 0 | N23: =SUM(B23:M23) -> 0
A25: COGS | B25: Jan | C25: Feb | D25: Mar | E25: Apr | F25: May | G25: Jun | H25: Jul | I25: Aug | J25: Sep | K25: Oct | L25: Nov | M25: Dec | N25: YEAR
A26: Product COGS | N26: =SUM(B26:M26) -> 0
A27: UTM/Wattbox/BDR | N27: =SUM(B27:M27) -> 0
A28: MSP COGS | N28: =SUM(B28:M28) -> 0
A29: Project COGS | N29: =SUM(B29:M29) -> 0
A30: Compliance COGS | N30: =SUM(B30:M30) -> 0
A31: Break-Fix COGS | N31: =SUM(B31:M31) -> 0
A32: Web COGS (including recurring) | N32: =SUM(B32:M32) -> 0
A33: Other Recurring COGS | N33: =SUM(B33:M33) -> 0
N34: =SUM(B34:M34) -> 0
A35: Payroll - MSP | N35: =SUM(B35:M35) -> 0
A36: Payroll - Break-fix | N36: =SUM(B36:M36) -> 0
A37: Payroll - Compliance | N37: =SUM(B37:M37) -> 0
A38: Payroll - Projects | N38: =SUM(B38:M38) -> 0
A39: Subtotal COGS | B39: =SUM(B26:B38) -> 0 | C39: =SUM(C26:C38) -> 0 | D39: =SUM(D26:D38) -> 0 | E39: =SUM(E26:E38) -> 0 | F39: =SUM(F26:F38) -> 0 | G39: =SUM(G26:G38) -> 0 | H39: =SUM(H26:H38) -> 0 | I39: =SUM(I26:I38) -> 0 | ... M39: =SUM(M26:M38) -> 0 | N39: =SUM(tblEmplPlan141516[YEAR]) -> 0
A41: TOTAL Gross Profit
A42: TOTAL Gross Profit (Product) | B42: =B9-B26-B27 -> 0 | C42: =C9-C26-C27 -> 0 | D42: =D9-D26-D27 -> 0 | E42: =E9-E26-E27 -> 0 | F42: =F9-F26-F27 -> 0 | G42: =G9-G26-G27 -> 0 | H42: =H9-H26-H27 -> 0 | I42: =I9-I26-I27 -> 0 | ... M42: =M9-M26-M27 -> 0 | N42: =B42+C42+D42+E42+F42+G42+H42+I42+J42+K42+L42+M42 -> 0
A43: TOTAL Gross Profit (Services) | B43: =B20-B28-B29-B30-B31-B33-B35-B36-B37-B38 -> 0 | C43: =C20-C28-C29-C30-C31-C33-C35-C36-C37-C38 -> 0 | D43: =D20-D28-D29-D30-D31-D33-D35-D36-D37-D38 -> 0 | E43: =E20-E28-E29-E30-E31-E33-E35-E36-E37-E38 -> 0 | F43: =F20-F28-F29-F30-F31-F33-F35-F36-F37-F38 -> 0 | G43: =G20-G28-G29-G30-G31-G33-G35-G36-G37-G38 -> 0 | H43: =H20-H28-H29-H30-H31-H33-H35-H36-H37-H38 -> 0 | I43: =I20-I28-I29-I30-I31-I33-I35-I36-I37-I38 -> 0 | ... M43: =M20-M28-M29-M30-M31-M33-M35-M36-M37-M38 -> 0 | N43: =B43+C43+D43+E43+F43+G43+H43+I43+J43+K43+L43+M43 -> 0
A44: TOTAL Gross Profit | B44: =B42+B43 -> 0 | C44: =C42+C43 -> 0 | D44: =D42+D43 -> 0 | E44: =E42+E43 -> 0 | F44: =F42+F43 -> 0 | G44: =G42+G43 -> 0 | H44: =H42+H43 -> 0 | I44: =I42+I43 -> 0 | ... M44: =M42+M43 -> 0 | N44: =SUM(N42:N43) -> 0
A46: Planned Expenses | B46: Jan | C46: Feb | D46: Mar | E46: Apr | F46: May | G46: Jun | H46: Jul | I46: Aug | J46: Sep | K46: Oct | L46: Nov | M46: Dec | N46: YEAR
A47: Admin Employee Costs | B47: Jan | C47: Feb | D47: Mar | E47: Apr | F47: May | G47: Jun | H47: Jul | I47: Aug | J47: Sep | K47: Oct | L47: Nov | M47: Dec | N47: YEAR
A48: Payroll - Admin | N48: =SUM(B48:M48) -> 0
A49: Payroll - Taxes | N49: =SUM(B49:M49) -> 0
A50: Benefits | N50: =SUM(B50:M50) -> 0
A51: Subtotal | B51: =SUM(tblEmplPlan[Jan]) -> 0 | C51: =SUM(tblEmplPlan[Feb]) -> 0 | D51: =SUM(tblEmplPlan[Mar]) -> 0 | E51: =SUM(tblEmplPlan[Apr]) -> 0 | F51: =SUM(tblEmplPlan[May]) -> 0 | G51: =SUM(tblEmplPlan[Jun]) -> 0 | H51: =SUM(tblEmplPlan[Jul]) -> 0 | I51: =SUM(tblEmplPlan[Aug]) -> 0 | J51: =SUM(tblEmplPlan[Sep]) -> 0 | K51: =SUM(tblEmplPlan[Oct]) -> 0 | L51: =SUM(tblEmplPlan[Nov]) -> 0 | M51: =SUM(tblEmplPlan[Dec]) -> 0 | N51: =SUM(tblEmplPlan[YEAR]) -> 0
A53: Office Costs | B53: Jan | C53: Feb | D53: Mar | E53: Apr | F53: May | G53: Jun | H53: Jul | I53: Aug | J53: Sep | K53: Oct | L53: Nov | M53: Dec | N53: YEAR
A54: Bank Service Charges | N54: =SUM(B54:M54) -> 0
A55: Depreciation Expenses | N55: =SUM(B55:M55) -> 0
A56: Dues and Subscriptions/Testing | N56: =SUM(B56:M56) -> 0
A57: Equipment/Software Lease | N57: =SUM(B57:M57) -> 0
A58: Insurances | N58: =SUM(B58:M58) -> 0
A59: vCIO/Account Mgmt | N59: =SUM(B59:M59) -> 0
A60: Dry Cleaning | N60: =SUM(B60:M60) -> 0
A61: Licenses and Permits | N61: =SUM(B61:M61) -> 0
A62: Professional Fees | N62: =SUM(B62:M62) -> 0
A63: Rent | N63: =SUM(B63:M63) -> 0
A64: Repairs | N64: =SUM(B64:M64) -> 0
A65: Communication | N65: =SUM(B65:M65) -> 0
... A72: Professional Development | N72: =SUM(B72:M72) -> 0
A73: Subtotal | B73: =SUBTOTAL(109,tblOffPlan[Jan]) -> 0 | C73: =SUBTOTAL(109,tblOffPlan[Feb]) -> 0 | D73: =SUBTOTAL(109,tblOffPlan[Mar]) -> 0 | E73: =SUBTOTAL(109,tblOffPlan[Apr]) -> 0 | F73: =SUBTOTAL(109,tblOffPlan[May]) -> 0 | G73: =SUBTOTAL(109,tblOffPlan[Jun]) -> 0 | H73: =SUBTOTAL(109,tblOffPlan[Jul]) -> 0 | I73: =SUBTOTAL(109,tblOffPlan[Aug]) -> 0 | J73: =SUBTOTAL(109,tblOffPlan[Sep]) -> 0 | K73: =SUBTOTAL(109,tblOffPlan[Oct]) -> 0 | L73: =SUBTOTAL(109,tblOffPlan[Nov]) -> 0 | M73: =SUBTOTAL(109,tblOffPlan[Dec]) -> 0 | N73: =SUBTOTAL(109,tblOffPlan[YEAR]) -> 0
A75: Marketing and Sales Costs | B75: Jan | C75: Feb | D75: Mar | E75: Apr | F75: May | G75: Jun | H75: Jul | I75: Aug | J75: Sep | K75: Oct | L75: Nov | M75: Dec | N75: YEAR
A76: vCIO/Acct. Mgmt | N76: =SUM(B76:M76) -> 0
A77: Pre-Sales | N77: =SUM(B77:M77) -> 0
A78: Marketing Subscriptions/Software | N78: =SUM(B78:M78) -> 0
A79: AGJ Clothes | N79: =SUM(B79:M79) -> 0
A80: Marketing Travel/Food* | N80: =SUM(B80:M80) -> 0
A81: Events/Campaigns | N81: =SUM(B81:M81) -> 0
N82: =SUM(B82:M82) -> 0
A83: Payroll - Sales | N83: =SUM(B83:M83) -> 0
A84: Payroll - Sales Commissions | N84: =SUM(B84:M84) -> 0
A85: Payroll - Marketing | N85: =SUM(B85:M85) -> 0
A86: Subtotal | B86: =SUM(B77:B85) -> 0 | C86: =SUM(C77:C85) -> 0 | D86: =SUM(D77:D85) -> 0 | E86: =SUM(E77:E85) -> 0 | F86: =SUM(F77:F85) -> 0 | G86: =SUM(G77:G85) -> 0 | H86: =SUM(H77:H85) -> 0 | I86: =SUM(I77:I85) -> 0 | ... N86: =SUM(N77:N85) -> 0
A88: Automobile Costs | B88: Jan | C88: Feb | D88: Mar | E88: Apr | F88: May | G88: Jun | H88: Jul | I88: Aug | J88: Sep | K88: Oct | L88: Nov | M88: Dec | N88: YEAR
A89: Mileage | N89: =SUM(B89:M89) -> 0
A90: Maintenance | N90: =SUM(B90:M90) -> 0
A91: Subtotal | B91: =SUBTOTAL(109,tblTrainPlan[Jan]) -> 0 | C91: =SUBTOTAL(109,tblTrainPlan[Feb]) -> 0 | D91: =SUBTOTAL(109,tblTrainPlan[Mar]) -> 0 | E91: =SUBTOTAL(109,tblTrainPlan[Apr]) -> 0 | F91: =SUBTOTAL(109,tblTrainPlan[May]) -> 0 | G91: =SUBTOTAL(109,tblTrainPlan[Jun]) -> 0 | H91: =SUBTOTAL(109,tblTrainPlan[Jul]) -> 0 | I91: =SUBTOTAL(109,tblTrainPlan[Aug]) -> 0 | J91: =SUBTOTAL(109,tblTrainPlan[Sep]) -> 0 | K91: =SUBTOTAL(109,tblTrainPlan[Oct]) -> 0 | L91: =SUBTOTAL(109,tblTrainPlan[Nov]) -> 0 | M91: =SUBTOTAL(109,tblTrainPlan[Dec]) -> 0 | N91: =SUBTOTAL(109,tblTrainPlan[YEAR]) -> 0
A93: TOTALS - Expenses
A94: Monthly Planned Expenses | B94: 0 | C94: =SUM(C51+C73+C86+C91) -> 0 | D94: =SUM(D51+D73+D86+D91) -> 0 | E94: =SUM(E51+E73+E86+E91) -> 0 | F94: =SUM(F51+F73+F86+F91) -> 0 | G94: =SUM(G51+G73+G86+G91) -> 0 | H94: =SUM(H51+H73+H86+H91) -> 0 | I94: =SUM(I51+I73+I86+I91) -> 0 | J94: =SUM(J51+J73+J86+J91) -> 0 | ... M94: =SUM(M51+M73+M86+M91) -> 0 | N94: =tblTrainPlan[[#Totals],[YEAR]]+tblMarkPlan[[#Totals],[YEAR]]+tblOffPlan[[#Totals],[YEAR]]+tblEmplPlan[[#Totals],[YEAR]] -> 0
A95: TOTAL Planned Expenses | B95: =B94 -> 0 | C95: =SUM($B$94:C94) -> 0 | D95: =SUM($B$94:D94) -> 0 | E95: =SUM($B$94:E94) -> 0 | F95: =SUM($B$94:F94) -> 0 | G95: =SUM($B$94:G94) -> 0 | H95: =SUM($B$94:H94) -> 0 | I95: =SUM($B$94:I94) -> 0 | J95: =SUM($B$94:J94) -> 0 | ... M95: =SUM($B$94:M94) -> 0
A97: TOTALS
A98: Net Profit | B98: =B44-B94 -> 0 | C98: =C44-C94 -> 0 | D98: =D44-D94 -> 0 | E98: =E44-E94 -> 0 | F98: =F44-F94 -> 0 | G98: =G44-G94 -> 0 | H98: =H44-H94 -> 0 | I98: =I44-I94 -> 0 | ... M98: =M44-M94 -> 0 | N98: =SUM(B98:M98) -> 0
A99: Asset Payments | N99: =SUM(B99:M99) -> 0
A100: Operating Profit | B100: =B98-B99 -> 0 | C100: =C98-C99 -> 0 | D100: =D98-D99 -> 0 | E100: =E98-E99 -> 0 | F100: =F98-F99 -> 0 | G100: =G98-G99 -> 0 | H100: =H98-H99 -> 0 | I100: =I98-I99 -> 0 | ... M100: =M98-M99 -> 0 | N100: =SUM(B100:M100) -> 0
A102: Profit By Department
A103: MSP | B103: =B12+B13-B28-B35 -> 0 | C103: =C12-C28-C35 -> 0 | D103: =D12-D28-D35 -> 0 | E103: =E12-E28-E35 -> 0 | F103: =F12-F28-F35 -> 0 | G103: =G12-G28-G35 -> 0 | H103: =H12-H28-H35 -> 0 | I103: =I12-I28-I35 -> 0 | J103: =J12-J28-J35 -> 0 | ... M103: =M12-M28-M35 -> 0 | N103: =SUM(B103:M103) -> 0
A104: Break-Fix | B104: =B17-B31-B36 -> 0 | C104: =C17-C31-C36 -> 0 | D104: =D17-D31-D36 -> 0 | E104: =E17-E31-E36 -> 0 | F104: =F17-F31-F36 -> 0 | G104: =G17-G31-G36 -> 0 | H104: =H17-H31-H36 -> 0 | I104: =I17-I31-I36 -> 0 | ... M104: =M17-M31-M36 -> 0 | N104: =SUM(B104:M104) -> 0
A105: Web | B105: =B18-B32-#REF! -> #REF! | C105: =C18-C32-#REF! -> #REF! | D105: =D18-D32-#REF! -> #REF! | E105: =E18-E32-#REF! -> #REF! | F105: =F18-F32-#REF! -> #REF! | G105: =G18-G32-#REF! -> #REF! | H105: =H18-H32-#REF! -> #REF! | I105: =I18-I32-#REF! -> #REF! | ... M105: =M18-M32-#REF! -> #REF! | N105: =SUM(B105:M105) -> #REF!
A106: Projects | B106: =B14-B29-B38 -> 0 | C106: =C14-C29-C38 -> 0 | D106: =D14-D29-D38 -> 0 | E106: =E14-E29-E38 -> 0 | F106: =F14-F29-F38 -> 0 | G106: =G14-G29-G38 -> 0 | H106: =H14-H29-H38 -> 0 | I106: =I14-I29-I38 -> 0 | ... M106: =M14-M29-M38 -> 0 | N106: =SUM(B106:M106) -> 0
A107: Compliance | B107: =B15+B16-B30-B37 -> 0 | C107: =C15+C16-C30-C37 -> 0 | D107: =D15+D16-D30-D37 -> 0 | E107: =E15+E16-E30-E37 -> 0 | F107: =F15+F16-F30-F37 -> 0 | G107: =G15+G16-G30-G37 -> 0 | H107: =H15+H16-H30-H37 -> 0 | I107: =I15+I16-I30-I37 -> 0 | ... M107: =M15+M16-M30-M37 -> 0 | N107: =SUM(B107:M107) -> 0
A108: Products | B108: =B9-B26-B27 -> 0 | C108: =C9-C26-C27 -> 0 | D108: =D9-D26-D27 -> 0 | E108: =E9-E26-E27 -> 0 | F108: =F9-F26-F27 -> 0 | G108: =G9-G26-G27 -> 0 | H108: =H9-H26-H27 -> 0 | I108: =I9-I26-I27 -> 0 | ... M108: =M9-M26-M27 -> 0 | N108: =SUM(B108:M108) -> 0
A110: Discretionary

Sheet Sheet2

Sheet ACTUAL
A3: Actual
A4: Actual Revenue | B4: Jan | C4: Feb | D4: Mar | E4: Apr | F4: May | G4: Jun | H4: Jul | I4: Aug | J4: Sep | K4: Oct | L4: Nov | M4: Dec | N4: YEAR
A5: Product Resell Revenue | B5: Jan | C5: Feb | D5: Mar | E5: Apr | F5: May | G5: Jun | H5: Jul | I5: Aug | J5: Sep | K5: Oct | L5: Nov | M5: Dec | N5: YEAR
A6: Product Sales | N6: =SUM(B6:M6) -> 0
N7: =SUM(B7:M7) -> 0
A8: Subtotal | B8: =B6+B7 -> 0 | C8: =C6+C7 -> 0 | D8: =D6+D7 -> 0 | E8: =E6+E7 -> 0 | F8: =F6+F7 -> 0 | G8: =G6+G7 -> 0 | H8: =H6+H7 -> 0 | I8: =I6+I7 -> 0 | ... N8: =N6+N7 -> 0
A10: Services Revenue | B10: Jan | C10: Feb | D10: Mar | E10: Apr | F10: May | G10: Jun | H10: Jul | I10: Aug | J10: Sep | K10: Oct | L10: Nov | M10: Dec | N10: YEAR
A11: (MSP) Infra Managed Revenue | N11: =SUM(B11:M11) -> 0
A12: Other Recurring Revenue | N12: =SUM(B12:M12) -> 0
A13: Project Revenue | N13: =SUM(B13:M13) -> 0
A14: Compliance Dept. Project Rev | N14: =SUM(B14:M14) -> 0
A15: Compliance Dept. Recurring Rev | N15: =SUM(B15:M15) -> 0
A16: Break-Fix Revenue | N16: =SUM(B16:M16) -> 0
A17: Web Revenue (including recurring) | N17: =SUM(B17:M17) -> 0
A18: Other Revenue | N18: =SUM(B18:M18) -> 0
A19: Subtotal | B19: =SUM(B11:B18) -> 0 | C19: =SUM(C11:C18) -> 0 | D19: =SUM(D11:D18) -> 0 | E19: =SUM(E11:E18) -> 0 | F19: =SUM(F11:F18) -> 0 | G19: =SUM(G11:G18) -> 0 | H19: =SUM(H11:H18) -> 0 | I19: =SUM(I11:I18) -> 0 | ... M19: =SUM(M11:M18) -> 0 | N19: =SUBTOTAL(109,tblEmplPlan141518[YEAR]) -> 0
A21: TOTAL Revenue
A22: TOTAL Revenue | B22: =tblEmplPlan1417[[#Totals],[Jan]]+tblEmplPlan141518[[#Totals],[Jan]] -> 0 | C22: =tblEmplPlan1417[[#Totals],[Feb]]+tblEmplPlan141518[[#Totals],[Feb]] -> 0 | D22: =tblEmplPlan1417[[#Totals],[Mar]]+tblEmplPlan141518[[#Totals],[Mar]] -> 0 | E22: =tblEmplPlan1417[[#Totals],[Apr]]+tblEmplPlan141518[[#Totals],[Apr]] -> 0 | F22: =tblEmplPlan1417[[#Totals],[May]]+tblEmplPlan141518[[#Totals],[May]] -> 0 | G22: =tblEmplPlan1417[[#Totals],[Jun]]+tblEmplPlan141518[[#Totals],[Jun]] -> 0 | H22: =tblEmplPlan1417[[#Totals],[Jul]]+tblEmplPlan141518[[#Totals],[Jul]] -> 0 | I22: =tblEmplPlan1417[[#Totals],[Aug]]+tblEmplPlan141518[[#Totals],[Aug]] -> 0 | J22: =tblEmplPlan1417[[#Totals],[Sep]]+tblEmplPlan141518[[#Totals],[Sep]] -> 0 | K22: =tblEmplPlan1417[[#Totals],[Oct]]+tblEmplPlan141518[[#Totals],[Oct]] -> 0 | L22: =tblEmplPlan1417[[#Totals],[Nov]]+tblEmplPlan141518[[#Totals],[Nov]] -> 0 | M22: =tblEmplPlan1417[[#Totals],[Dec]]+tblEmplPlan141518[[#Totals],[Dec]] -> 0 | N22: =B22+C22+D22+E22+F22+G22+H22+I22+J22+K22+L22+M22 -> 0
A24: COGS | B24: Jan | C24: Feb | D24: Mar | E24: Apr | F24: May | G24: Jun | H24: Jul | I24: Aug | J24: Sep | K24: Oct | L24: Nov | M24: Dec | N24: YEAR
A25: Product COGS | N25: =SUM(B25:M25) -> 0
A26: UTM/Wattbox/BDR | N26: =SUM(B26:M26) -> 0
A27: MSP COGS | N27: =SUM(B27:M27) -> 0
A28: Project COGS | N28: =SUM(B28:M28) -> 0
A29: Compliance COGS | N29: =SUM(B29:M29) -> 0
A30: Break-Fix COGS | N30: =SUM(B30:M30) -> 0
A31: Web COGS (including recurring) | N31: =SUM(B31:M31) -> 0
A32: Other Recurring COGS | N32: =SUM(B32:M32) -> 0
N33: =SUM(B33:M33) -> 0
A34: Payroll - MSP | N34: =SUM(B34:M34) -> 0
A35: Payroll - Break-fix | N35: =SUM(B35:M35) -> 0
A36: Payroll - Compliance | N36: =SUM(B36:M36) -> 0
A37: Payroll - Projects | N37: =SUM(B37:M37) -> 0
A38: Subtotal COGS | B38: =SUM(tblEmplPlan14151619[Jan]) -> 0 | C38: =SUM(tblEmplPlan14151619[Feb]) -> 0 | D38: =SUM(tblEmplPlan14151619[Mar]) -> 0 | E38: =SUM(tblEmplPlan14151619[Apr]) -> 0 | F38: =SUM(tblEmplPlan14151619[May]) -> 0 | G38: =SUM(tblEmplPlan14151619[Jun]) -> 0 | H38: =SUM(tblEmplPlan14151619[Jul]) -> 0 | I38: =SUM(tblEmplPlan14151619[Aug]) -> 0 | J38: =SUM(tblEmplPlan14151619[Sep]) -> 0 | K38: =SUM(tblEmplPlan14151619[Oct]) -> 0 | L38: =SUM(tblEmplPlan14151619[Nov]) -> 0 | M38: =SUM(tblEmplPlan14151619[Dec]) -> 0 | N38: =SUBTOTAL(109,tblEmplPlan14151619[YEAR]) -> 0
A40: TOTAL Gross Profit
A41: TOTAL Gross Profit (Product) | B41: =tblEmplPlan1417[[#Totals],[Jan]]-B25-B26 -> 0 | C41: =tblEmplPlan1417[[#Totals],[Feb]]-C25-C26 -> 0 | D41: =tblEmplPlan1417[[#Totals],[Mar]]-D25-D26 -> 0 | E41: =tblEmplPlan1417[[#Totals],[Apr]]-E25-E26 -> 0 | F41: =tblEmplPlan1417[[#Totals],[May]]-F25-F26 -> 0 | G41: =tblEmplPlan1417[[#Totals],[Jun]]-G25-G26 -> 0 | H41: =tblEmplPlan1417[[#Totals],[Jul]]-H25-H26 -> 0 | I41: =tblEmplPlan1417[[#Totals],[Aug]]-I25-I26 -> 0 | J41: =tblEmplPlan1417[[#Totals],[Sep]]-J25-J26 -> 0 | K41: =tblEmplPlan1417[[#Totals],[Oct]]-K25-K26 -> 0 | L41: =tblEmplPlan1417[[#Totals],[Nov]]-L25-L26 -> 0 | M41: =tblEmplPlan1417[[#Totals],[Dec]]-M25-M26 -> 0 | N41: =SUM(B41:M41) -> 0
A42: TOTAL Gross Profit (Services) | B42: =tblEmplPlan141518[[#Totals],[Jan]]-B27-B28-B29-B30-B32-B34-B35-B36-B37 -> 0 | C42: =tblEmplPlan141518[[#Totals],[Feb]]-C27-C28-C29-C30-C32-C34-C35-C36-C37 -> 0 | D42: =tblEmplPlan141518[[#Totals],[Mar]]-D27-D28-D29-D30-D32-D34-D35-D36-D37 -> 0 | E42: =tblEmplPlan141518[[#Totals],[Apr]]-E27-E28-E29-E30-E32-E34-E35-E36-E37 -> 0 | F42: =tblEmplPlan141518[[#Totals],[May]]-F27-F28-F29-F30-F32-F34-F35-F36-F37 -> 0 | G42: =tblEmplPlan141518[[#Totals],[Jun]]-G27-G28-G29-G30-G32-G34-G35-G36-G37 -> 0 | H42: =tblEmplPlan141518[[#Totals],[Jul]]-H27-H28-H29-H30-H32-H34-H35-H36-H37 -> 0 | I42: =tblEmplPlan141518[[#Totals],[Aug]]-I27-I28-I29-I30-I32-I34-I35-I36-I37 -> 0 | J42: =tblEmplPlan141518[[#Totals],[Sep]]-J27-J28-J29-J30-J32-J34-J35-J36-J37 -> 0 | K42: =tblEmplPlan141518[[#Totals],[Oct]]-K27-K28-K29-K30-K32-K34-K35-K36-K37 -> 0 | L42: =tblEmplPlan141518[[#Totals],[Nov]]-L27-L28-L29-L30-L32-L34-L35-L36-L37 -> 0 | M42: =tblEmplPlan141518[[#Totals],[Dec]]-M27-M28-M29-M30-M32-M34-M35-M36-M37 -> 0 | N42: =SUM(B42:M42) -> 0
A43: TOTAL Gross Profit | B43: =B41+B42 -> 0 | C43: =C41+C42 -> 0 | D43: =D41+D42 -> 0 | E43: =E41+E42 -> 0 | F43: =F41+F42 -> 0 | G43: =G41+G42 -> 0 | H43: =H41+H42 -> 0 | I43: =I41+I42 -> 0 | ... M43: =M41+M42 -> 0 | N43: =SUM(B43:M43) -> 0
A45: Actual Expenses | B45: Jan | C45: Feb | D45: Mar | E45: Apr | F45: May | G45: Jun | H45: Jul | I45: Aug | J45: Sep | K45: Oct | L45: Nov | M45: Dec | N45: YEAR
A46: Admin Employee Costs | B46: Jan | C46: Feb | D46: Mar | E46: Apr | F46: May | G46: Jun | H46: Jul | I46: Aug | J46: Sep | K46: Oct | L46: Nov | M46: Dec | N46: YEAR
A47: Payroll - Admin | N47: =SUM(B47:M47) -> 0
A48: Payroll - Taxes | N48: =SUM(B48:M48) -> 0
A49: Benefits (inc. retirement cont) | N49: =SUM(B49:M49) -> 0
A50: Subtotal | B50: =SUM(tblEmplPlan9[Jan]) -> 0 | C50: =SUM(tblEmplPlan9[Feb]) -> 0 | D50: =SUM(tblEmplPlan9[Mar]) -> 0 | E50: =SUM(tblEmplPlan9[Apr]) -> 0 | F50: =SUM(tblEmplPlan9[May]) -> 0 | G50: =SUM(tblEmplPlan9[Jun]) -> 0 | H50: =SUM(tblEmplPlan9[Jul]) -> 0 | I50: =SUM(tblEmplPlan9[Aug]) -> 0 | J50: =SUM(tblEmplPlan9[Sep]) -> 0 | K50: =SUM(tblEmplPlan9[Oct]) -> 0 | L50: =SUM(tblEmplPlan9[Nov]) -> 0 | M50: =SUM(tblEmplPlan9[Dec]) -> 0 | N50: =SUBTOTAL(109,tblEmplPlan9[YEAR]) -> 0
A52: Office Costs | B52: Jan | C52: Feb | D52: Mar | E52: Apr | F52: May | G52: Jun | H52: Jul | I52: Aug | J52: Sep | K52: Oct | L52: Nov | M52: Dec | N52: YEAR
A53: Bank Service Charges | N53: =SUM(B53:M53) -> 0
A54: Depreciation Expenses | N54: =SUM(B54:M54) -> 0
A55: Testing/Education | N55: =SUM(B55:M55) -> 0
A56: Equipment/Software Lease | N56: =SUM(B56:M56) -> 0
A57: Insurances (not incl. benefits) | N57: =SUM(B57:M57) -> 0
A58: vCIO/Acct Mgmt | N58: =SUM(B58:M58) -> 0
A59: Dry Cleaning | N59: =SUM(B59:M59) -> 0
A60: Licenses and Permits | N60: =SUM(B60:M60) -> 0
A61: Professional Fees | N61: =SUM(B61:M61) -> 0
A62: Rent | N62: =SUM(B62:M62) -> 0
A63: Repairs | N63: =SUM(B63:M63) -> 0
A64: Communication | N64: =SUM(B64:M64) -> 0
... A71: Professional Development** | N71: =SUM(B71:M71) -> 0
A72: Subtotal | B72: =SUBTOTAL(109,tblOffPlan5[Jan]) -> 0 | C72: =SUBTOTAL(109,tblOffPlan5[Feb]) -> 0 | D72: =SUBTOTAL(109,tblOffPlan5[Mar]) -> 0 | E72: =SUBTOTAL(109,tblOffPlan5[Apr]) -> 0 | F72: =SUBTOTAL(109,tblOffPlan5[May]) -> 0 | G72: =SUBTOTAL(109,tblOffPlan5[Jun]) -> 0 | H72: =SUBTOTAL(109,tblOffPlan5[Jul]) -> 0 | I72: =SUBTOTAL(109,tblOffPlan5[Aug]) -> 0 | J72: =SUBTOTAL(109,tblOffPlan5[Sep]) -> 0 | K72: =SUBTOTAL(109,tblOffPlan5[Oct]) -> 0 | L72: =SUBTOTAL(109,tblOffPlan5[Nov]) -> 0 | M72: =SUBTOTAL(109,tblOffPlan5[Dec]) -> 0 | N72: =SUBTOTAL(109,tblOffPlan5[YEAR]) -> 0
A74: Marketing and Sales Costs | B74: Jan | C74: Feb | D74: Mar | E74: Apr | F74: May | G74: Jun | H74: Jul | I74: Aug | J74: Sep | K74: Oct | L74: Nov | M74: Dec | N74: YEAR
A75: vCIO/Acct. Mgmt | D75: =#REF! -> #REF! | E75: =#REF! -> #REF! | F75: =#REF! -> #REF! | G75: =#REF! -> #REF! | H75: =#REF! -> #REF! | I75: =#REF! -> #REF! | J75: =#REF! -> #REF! | K75: =#REF! -> #REF! | ... M75: =#REF! -> #REF! | N75: =SUM(B75:M75) -> #REF!
A76: Pre-Sales (doughnuts, etc…) | N76: =SUM(B76:M76) -> 0
A77: Marketing Subscriptions/Software | N77: =SUM(B77:M77) -> 0
A78: AGJ Clothes | N78: =SUM(B78:M78) -> 0
A79: Marketing Travel/Food* | N79: =SUM(B79:M79) -> 0
A80: Events/Campaigns | N80: =SUM(B80:M80) -> 0
N81: =SUM(B81:M81) -> 0
A82: Payroll - Sales | N82: =SUM(B82:M82) -> 0
A83: Payroll - Sales Commission | N83: =SUM(B83:M83) -> 0
A84: Payroll - Marketing | N84: =SUM(B84:M84) -> 0
A85: Subtotal | B85: =SUBTOTAL(109,tblMarkPlan6[Jan]) -> 0 | C85: =SUBTOTAL(109,tblMarkPlan6[Feb]) -> 0 | D85: =SUBTOTAL(109,tblMarkPlan6[Mar]) -> 0 | E85: =SUBTOTAL(109,tblMarkPlan6[Apr]) -> 0 | F85: =SUBTOTAL(109,tblMarkPlan6[May]) -> 0 | G85: =SUBTOTAL(109,tblMarkPlan6[Jun]) -> 0 | H85: =SUBTOTAL(109,tblMarkPlan6[Jul]) -> 0 | I85: =SUBTOTAL(109,tblMarkPlan6[Aug]) -> 0 | J85: =SUBTOTAL(109,tblMarkPlan6[Sep]) -> 0 | K85: =SUBTOTAL(109,tblMarkPlan6[Oct]) -> 0 | L85: =SUBTOTAL(109,tblMarkPlan6[Nov]) -> 0 | M85: =SUBTOTAL(109,tblMarkPlan6[Dec]) -> 0 | N85: =SUM(N76:N84) -> 0
A87: Automobile Costs | B87: Jan | C87: Feb | D87: Mar | E87: Apr | F87: May | G87: Jun | H87: Jul | I87: Aug | J87: Sep | K87: Oct | L87: Nov | M87: Dec | N87: YEAR
A88: Mileage | N88: =SUM(B88:M88) -> 0
A89: Maintenance | N89: =SUM(B89:M89) -> 0
A90: Subtotal | B90: =SUBTOTAL(109,tblTrainPlan7[Jan]) -> 0 | C90: =SUBTOTAL(109,tblTrainPlan7[Feb]) -> 0 | D90: =SUBTOTAL(109,tblTrainPlan7[Mar]) -> 0 | E90: =SUBTOTAL(109,tblTrainPlan7[Apr]) -> 0 | F90: =SUBTOTAL(109,tblTrainPlan7[May]) -> 0 | G90: =SUBTOTAL(109,tblTrainPlan7[Jun]) -> 0 | H90: =SUBTOTAL(109,tblTrainPlan7[Jul]) -> 0 | I90: =SUBTOTAL(109,tblTrainPlan7[Aug]) -> 0 | J90: =SUBTOTAL(109,tblTrainPlan7[Sep]) -> 0 | K90: =SUBTOTAL(109,tblTrainPlan7[Oct]) -> 0 | L90: =SUBTOTAL(109,tblTrainPlan7[Nov]) -> 0 | M90: =SUBTOTAL(109,tblTrainPlan7[Dec]) -> 0 | N90: =SUBTOTAL(109,tblTrainPlan7[YEAR]) -> 0
A92: TOTALS - Expenses
A93: Monthly Actual Expenses | B93: =B50+B72+B85+B90 -> 0 | C93: =C50+C72+C85+C90 -> 0 | D93: =D50+D72+D85+D90 -> 0 | E93: =E50+E72+E85+E90 -> 0 | F93: =F50+F72+F85+F90 -> 0 | G93: =G50+G72+G85+G90 -> 0 | H93: =H50+H72+H85+H90 -> 0 | I93: =I50+I72+I85+I90 -> 0 | ... M93: =M50+M72+M85+M90 -> 0 | N93: =tblTrainPlan7[[#Totals],[YEAR]]+tblMarkPlan6[[#Totals],[YEAR]]+tblOffPlan5[[#Totals],[YEAR]]+tblEmplPlan9[[#Totals],[YEAR]] -> 0
A94: TOTAL Actual Expenses | B94: =SUM($B$93:B93) -> 0 | C94: =SUM($B$93:C93) -> 0 | D94: =SUM($B$93:D93) -> 0 | E94: =SUM($B$93:E93) -> 0 | F94: =SUM($B$93:F93) -> 0 | G94: =SUM($B$93:G93) -> 0 | H94: =SUM($B$93:H93) -> 0 | I94: =SUM($B$93:I93) -> 0 | ... M94: =SUM($B$93:M93) -> 0
A96: TOTALS
A97: Net Profit | B97: =B43-B93 -> 0 | C97: =C43-C93 -> 0 | D97: =D43-D93 -> 0 | E97: =E43-E93 -> 0 | F97: =F43-F93 -> 0 | G97: =G43-G93 -> 0 | H97: =H43-H93 -> 0 | I97: =I43-I93 -> 0 | ... M97: =M43-M93 -> 0 | N97: =SUM(B97:M97) -> 0
A98: Asset Payments | N98: =SUM(B98:M98) -> 0
A99: Operating Profit | B99: =B97-B98 -> 0 | C99: =C97-C98 -> 0 | D99: =D97-D98 -> 0 | E99: =E97-E98 -> 0 | F99: =F97-F98 -> 0 | G99: =G97-G98 -> 0 | H99: =H97-H98 -> 0 | I99: =I97-I98 -> 0 | ... M99: =M97-M98 -> 0 | N99: =SUM(B99:M99) -> 0
A100: Tech Bonus Pool (25%) | B100: =0.25*B99 -> 0 | C100: =0.25*C99 -> 0 | D100: =0.25*D99 -> 0 | E100: =0.25*E99 -> 0 | F100: =0.25*F99 -> 0 | G100: =0.25*G99 -> 0 | H100: =0.25*H99 -> 0 | I100: =0.25*I99 -> 0 | ... M100: =0.25*M99 -> 0
A101: Profit First Tax (20%) | B101: =0.2*B99 -> 0 | C101: =0.2*C99 -> 0 | D101: =0.2*D99 -> 0 | E101: =0.2*E99 -> 0 | F101: =0.2*F99 -> 0 | G101: =0.2*G99 -> 0 | H101: =0.2*H99 -> 0 | I101: =0.2*I99 -> 0 | ... M101: =0.2*M99 -> 0 | N101: =SUM(B101:M101) -> 0
A102: Profit First Profit (10%) | B102: =0.1*B99 -> 0 | C102: =0.1*C99 -> 0 | D102: =0.1*D99 -> 0 | E102: =0.1*E99 -> 0 | F102: =0.1*F99 -> 0 | G102: =0.1*G99 -> 0 | H102: =0.1*H99 -> 0 | I102: =0.1*I99 -> 0 | ... M102: =0.1*M99 -> 0
A103: Profit First Rainy Day (10%) | B103: =0.1*B99 -> 0 | C103: =0.1*C99 -> 0 | D103: =0.1*D99 -> 0 | E103: =0.1*E99 -> 0 | F103: =0.1*F99 -> 0 | G103: =0.1*G99 -> 0 | H103: =0.1*H99 -> 0 | I103: =0.1*I99 -> 0 | ... M103: =0.1*M99 -> 0
A104: Profit First Owners (35%) | B104: =0.35*B99 -> 0 | C104: =0.35*C99 -> 0 | D104: =0.35*D99 -> 0 | E104: =0.35*E99 -> 0 | F104: =0.35*F99 -> 0 | G104: =0.35*G99 -> 0 | H104: =0.35*H99 -> 0 | I104: =0.35*I99 -> 0 | ... M104: =0.35*M99 -> 0
A106: Profit By Department
A107: MSP | B107: =B11+B12-B27-B34 -> 0 | C107: =C11+C12-C27-C34 -> 0 | D107: =D11+D12-D27-D34 -> 0 | E107: =E11+E12-E27-E34 -> 0 | F107: =F11+F12-F27-F34 -> 0 | G107: =G11+G12-G27-G34 -> 0 | H107: =H11+H12-H27-H34 -> 0 | I107: =I11+I12-I27-I34 -> 0 | ... M107: =M11+M12-M27-M34 -> 0 | N107: =SUM(B107:M107) -> 0
A108: Break-Fix | B108: =B16-B30-B35 -> 0 | C108: =C16-C30-C35 -> 0 | D108: =D16-D30-D35 -> 0 | E108: =E16-E30-E35 -> 0 | F108: =F16-F30-F35 -> 0 | G108: =G16-G30-G35 -> 0 | H108: =H16-H30-H35 -> 0 | I108: =I16-I30-I35 -> 0 | ... M108: =M16-M30-M35 -> 0 | N108: =SUM(B108:M108) -> 0
A109: Web | B109: =B17-B31-#REF! -> #REF! | C109: =C17-C31-#REF! -> #REF! | D109: =D17-D31-#REF! -> #REF! | E109: =E17-E31-#REF! -> #REF! | F109: =F17-F31-#REF! -> #REF! | G109: =G17-G31-#REF! -> #REF! | H109: =H17-H31-#REF! -> #REF! | I109: =I17-I31-#REF! -> #REF! | ... M109: =M17-M31-#REF! -> #REF! | N109: =SUM(B109:M109) -> #REF!
A110: Projects | B110: =B13-B28-B37 -> 0 | C110: =C13-C28-C37 -> 0 | D110: =D13-D28-D37 -> 0 | E110: =E13-E28-E37 -> 0 | F110: =F13-F28-F37 -> 0 | G110: =G13-G28-G37 -> 0 | H110: =H13-H28-H37 -> 0 | I110: =I13-I28-I37 -> 0 | ... M110: =M13-M28-M37 -> 0 | N110: =SUM(B110:M110) -> 0
A111: Compliance | B111: =B14+B15-B29-B36 -> 0 | C111: =C14+C15-C29-C36 -> 0 | D111: =D14+D15-D29-D36 -> 0 | E111: =E14+E15-E29-E36 -> 0 | F111: =F14+F15-F29-F36 -> 0 | G111: =G14+G15-G29-G36 -> 0 | H111: =H14+H15-H29-H36 -> 0 | I111: =I14+I15-I29-I36 -> 0 | ... M111: =M14+M15-M29-M36 -> 0 | N111: =SUM(B111:M111) -> 0
A112: Products | B112: =tblEmplPlan1417[[#Totals],[Jan]]-B25-B26 -> 0 | C112: =tblEmplPlan1417[[#Totals],[Feb]]-C25-C26 -> 0 | D112: =tblEmplPlan1417[[#Totals],[Mar]]-D25-D26 -> 0 | E112: =tblEmplPlan1417[[#Totals],[Apr]]-E25-E26 -> 0 | F112: =tblEmplPlan1417[[#Totals],[May]]-F25-F26 -> 0 | G112: =tblEmplPlan1417[[#Totals],[Jun]]-G25-G26 -> 0 | H112: =tblEmplPlan1417[[#Totals],[Jul]]-H25-H26 -> 0 | I112: =tblEmplPlan1417[[#Totals],[Aug]]-I25-I26 -> 0 | J112: =tblEmplPlan1417[[#Totals],[Sep]]-J25-J26 -> 0 | K112: =tblEmplPlan1417[[#Totals],[Oct]]-K25-K26 -> 0 | L112: =tblEmplPlan1417[[#Totals],[Nov]]-L25-L26 -> 0 | M112: =tblEmplPlan1417[[#Totals],[Dec]]-M25-M26 -> 0 | N112: =SUM(B112:M112) -> 0
A114: Total Payroll | B114: =#REF! -> #REF! | C114: =#REF! -> #REF! | D114: =#REF! -> #REF! | E114: =#REF! -> #REF! | F114: =#REF! -> #REF! | G114: =#REF! -> #REF! | H114: =#REF! -> #REF! | I114: =#REF! -> #REF! | ... M114: =#REF! -> #REF! | N114: =SUM(B114:M114) -> #REF!

Sheet EXPENSE VARIANCES
B3: Expense Variances
B4: All cells are calculations.
B5: Actual Revenue | C5: Jan | D5: Feb | E5: Mar | F5: Apr | G5: May | H5: Jun | I5: Jul | J5: Aug | K5: Sep | L5: Oct | M5: Nov | N5: Dec | O5: YEAR
B6: Product Resell Revenue | C6: Jan | D6: Feb | E6: Mar | F6: Apr | G6: May | H6: Jun | I6: Jul | J6: Aug | K6: Sep | L6: Oct | M6: Nov | N6: Dec | O6: YEAR
B7: Product Sales | D7: =ACTUAL!C6-Budget!C7 -> 0 | E7: =ACTUAL!D6-Budget!D7 -> 0 | F7: =ACTUAL!E6-Budget!E7 -> 0 | G7: =ACTUAL!F6-Budget!F7 -> 0 | H7: =ACTUAL!G6-Budget!G7 -> 0 | I7: =ACTUAL!H6-Budget!H7 -> 0 | J7: =ACTUAL!I6-Budget!I7 -> 0 | K7: =ACTUAL!J6-Budget!J7 -> 0 | ... N7: =ACTUAL!M6-Budget!M7 -> 0 | O7: =SUM(C7:N7) -> 0
O8: =SUM(C8:N8) -> 0
B9: Subtotal | C9: =C7+C8 -> 0 | D9: =D7+D8 -> 0 | E9: =E7+E8 -> 0 | F9: =F7+F8 -> 0 | G9: =G7+G8 -> 0 | H9: =H7+H8 -> 0 | I9: =I7+I8 -> 0 | J9: =J7+J8 -> 0 | ... O9: =O7+O8 -> 0
B11: Services Revenue | C11: Jan | D11: Feb | E11: Mar | F11: Apr | G11: May | H11: Jun | I11: Jul | J11: Aug | K11: Sep | L11: Oct | M11: Nov | N11: Dec | O11: YEAR
B12: (MSP) Infra Managed Revenue | D12: =ACTUAL!C11-Budget!C12 -> 0 | E12: =ACTUAL!D11-Budget!D12 -> 0 | F12: =ACTUAL!E11-Budget!E12 -> 0 | G12: =ACTUAL!F11-Budget!F12 -> 0 | H12: =ACTUAL!G11-Budget!G12 -> 0 | I12: =ACTUAL!H11-Budget!H12 -> 0 | J12: =ACTUAL!I11-Budget!I12 -> 0 | K12: =ACTUAL!J11-Budget!J12 -> 0 | ... N12: =ACTUAL!M11-Budget!M12 -> 0 | O12: =SUM(C12:N12) -> 0
B13: Other Recurring Revenue | D13: =ACTUAL!C12-Budget!C13 -> 0 | E13: =ACTUAL!D12-Budget!D13 -> 0 | F13: =ACTUAL!E12-Budget!E13 -> 0 | G13: =ACTUAL!F12-Budget!F13 -> 0 | H13: =ACTUAL!G12-Budget!G13 -> 0 | I13: =ACTUAL!H12-Budget!H13 -> 0 | J13: =ACTUAL!I12-Budget!I13 -> 0 | K13: =ACTUAL!J12-Budget!J13 -> 0 | ... N13: =ACTUAL!M12-Budget!M13 -> 0 | O13: =SUM(C13:N13) -> 0
B14: Project Revenue | D14: =ACTUAL!C13-Budget!C14 -> 0 | E14: =ACTUAL!D13-Budget!D14 -> 0 | F14: =ACTUAL!E13-Budget!E14 -> 0 | G14: =ACTUAL!F13-Budget!F14 -> 0 | H14: =ACTUAL!G13-Budget!G14 -> 0 | I14: =ACTUAL!H13-Budget!H14 -> 0 | J14: =ACTUAL!I13-Budget!I14 -> 0 | K14: =ACTUAL!J13-Budget!J14 -> 0 | ... N14: =ACTUAL!M13-Budget!M14 -> 0 | O14: =SUM(C14:N14) -> 0
B15: Break-Fix Revenue | D15: =ACTUAL!C16-Budget!C17 -> 0 | E15: =ACTUAL!D16-Budget!D17 -> 0 | F15: =ACTUAL!E16-Budget!E17 -> 0 | G15: =ACTUAL!F16-Budget!F17 -> 0 | H15: =ACTUAL!G16-Budget!G17 -> 0 | I15: =ACTUAL!H16-Budget!H17 -> 0 | J15: =ACTUAL!I16-Budget!I17 -> 0 | K15: =ACTUAL!J16-Budget!J17 -> 0 | ... N15: =ACTUAL!M16-Budget!M17 -> 0 | O15: =SUM(C15:N15) -> 0
B16: Web Revenue (including recurring) | D16: =ACTUAL!C17-Budget!C18 -> 0 | E16: =ACTUAL!D17-Budget!D18 -> 0 | F16: =ACTUAL!E17-Budget!E18 -> 0 | G16: =ACTUAL!F17-Budget!F18 -> 0 | H16: =ACTUAL!G17-Budget!G18 -> 0 | I16: =ACTUAL!H17-Budget!H18 -> 0 | J16: =ACTUAL!I17-Budget!I18 -> 0 | K16: =ACTUAL!J17-Budget!J18 -> 0 | ... N16: =ACTUAL!M17-Budget!M18 -> 0 | O16: =SUM(C16:N16) -> 0
B17: Other Revenue | D17: =ACTUAL!C18-Budget!C19 -> 0 | E17: =ACTUAL!D18-Budget!D19 -> 0 | F17: =ACTUAL!E18-Budget!E19 -> 0 | G17: =ACTUAL!F18-Budget!F19 -> 0 | H17: =ACTUAL!G18-Budget!G19 -> 0 | I17: =ACTUAL!H18-Budget!H19 -> 0 | J17: =ACTUAL!I18-Budget!I19 -> 0 | K17: =ACTUAL!J18-Budget!J19 -> 0 | ... N17: =ACTUAL!M18-Budget!M19 -> 0 | O17: =SUM(C17:N17) -> 0
B18: Subtotal | C18: =SUM(C12:C17) -> 0 | D18: =SUM(D12:D17) -> 0 | E18: =SUM(E12:E17) -> 0 | F18: =SUM(F12:F17) -> 0 | G18: =SUM(G12:G17) -> 0 | H18: =SUM(H12:H17) -> 0 | I18: =SUM(I12:I17) -> 0 | J18: =SUM(J12:J17) -> 0 | ... N18: =SUM(N12:N17) -> 0 | O18: =SUBTOTAL(109,tblEmplPlan14151821[YEAR]) -> 0
B20: TOTAL Revenue
B21: TOTAL Revenue | C21: =tblEmplPlan141720[[#Totals],[Jan]]+tblEmplPlan14151821[[#Totals],[Jan]] -> 0 | D21: =tblEmplPlan141720[[#Totals],[Feb]]+tblEmplPlan14151821[[#Totals],[Feb]] -> 0 | E21: =tblEmplPlan141720[[#Totals],[Mar]]+tblEmplPlan14151821[[#Totals],[Mar]] -> 0 | F21: =tblEmplPlan141720[[#Totals],[Apr]]+tblEmplPlan14151821[[#Totals],[Apr]] -> 0 | G21: =tblEmplPlan141720[[#Totals],[May]]+tblEmplPlan14151821[[#Totals],[May]] -> 0 | H21: =tblEmplPlan141720[[#Totals],[Jun]]+tblEmplPlan14151821[[#Totals],[Jun]] -> 0 | I21: =tblEmplPlan141720[[#Totals],[Jul]]+tblEmplPlan14151821[[#Totals],[Jul]] -> 0 | J21: =tblEmplPlan141720[[#Totals],[Aug]]+tblEmplPlan14151821[[#Totals],[Aug]] -> 0 | K21: =tblEmplPlan141720[[#Totals],[Sep]]+tblEmplPlan14151821[[#Totals],[Sep]] -> 0 | L21: =tblEmplPlan141720[[#Totals],[Oct]]+tblEmplPlan14151821[[#Totals],[Oct]] -> 0 | M21: =tblEmplPlan141720[[#Totals],[Nov]]+tblEmplPlan14151821[[#Totals],[Nov]] -> 0 | N21: =tblEmplPlan141720[[#Totals],[Dec]]+tblEmplPlan14151821[[#Totals],[Dec]] -> 0
B23: COGS | C23: Jan | D23: Feb | E23: Mar | F23: Apr | G23: May | H23: Jun | I23: Jul | J23: Aug | K23: Sep | L23: Oct | M23: Nov | N23: Dec | O23: YEAR
B24: Product COGS | D24: =ACTUAL!C25-Budget!C26 -> 0 | E24: =ACTUAL!D25-Budget!D26 -> 0 | F24: =ACTUAL!E25-Budget!E26 -> 0 | G24: =ACTUAL!F25-Budget!F26 -> 0 | H24: =ACTUAL!G25-Budget!G26 -> 0 | I24: =ACTUAL!H25-Budget!H26 -> 0 | J24: =ACTUAL!I25-Budget!I26 -> 0 | K24: =ACTUAL!J25-Budget!J26 -> 0 | ... N24: =ACTUAL!M25-Budget!M26 -> 0 | O24: =SUM(C24:N24) -> 0
O25: =SUM(C25:N25) -> 0
B26: MSP COGS | D26: =ACTUAL!C27-Budget!C28 -> 0 | E26: =ACTUAL!D27-Budget!D28 -> 0 | F26: =ACTUAL!E27-Budget!E28 -> 0 | G26: =ACTUAL!F27-Budget!F28 -> 0 | H26: =ACTUAL!G27-Budget!G28 -> 0 | I26: =ACTUAL!H27-Budget!H28 -> 0 | J26: =ACTUAL!I27-Budget!I28 -> 0 | K26: =ACTUAL!J27-Budget!J28 -> 0 | ... N26: =ACTUAL!M27-Budget!M28 -> 0 | O26: =SUM(C26:N26) -> 0
B27: Project COGS | D27: =ACTUAL!C28-Budget!C29 -> 0 | E27: =ACTUAL!D28-Budget!D29 -> 0 | F27: =ACTUAL!E28-Budget!E29 -> 0 | G27: =ACTUAL!F28-Budget!F29 -> 0 | H27: =ACTUAL!G28-Budget!G29 -> 0 | I27: =ACTUAL!H28-Budget!H29 -> 0 | J27: =ACTUAL!I28-Budget!I29 -> 0 | K27: =ACTUAL!J28-Budget!J29 -> 0 | ... N27: =ACTUAL!M28-Budget!M29 -> 0 | O27: =SUM(C27:N27) -> 0
B28: Break-Fix COGS | D28: =ACTUAL!C30-Budget!C31 -> 0 | E28: =ACTUAL!D30-Budget!D31 -> 0 | F28: =ACTUAL!E30-Budget!E31 -> 0 | G28: =ACTUAL!F30-Budget!F31 -> 0 | H28: =ACTUAL!G30-Budget!G31 -> 0 | I28: =ACTUAL!H30-Budget!H31 -> 0 | J28: =ACTUAL!I30-Budget!I31 -> 0 | K28: =ACTUAL!J30-Budget!J31 -> 0 | ... N28: =ACTUAL!M30-Budget!M31 -> 0 | O28: =SUM(C28:N28) -> 0
B29: Web COGS (including recurring) | D29: =ACTUAL!C31-Budget!C32 -> 0 | E29: =ACTUAL!D31-Budget!D32 -> 0 | F29: =ACTUAL!E31-Budget!E32 -> 0 | G29: =ACTUAL!F31-Budget!F32 -> 0 | H29: =ACTUAL!G31-Budget!G32 -> 0 | I29: =ACTUAL!H31-Budget!H32 -> 0 | J29: =ACTUAL!I31-Budget!I32 -> 0 | K29: =ACTUAL!J31-Budget!J32 -> 0 | ... N29: =ACTUAL!M31-Budget!M32 -> 0 | O29: =SUM(C29:N29) -> 0
B30: Other COGS | D30: =ACTUAL!C32-Budget!C33 -> 0 | E30: =ACTUAL!D32-Budget!D33 -> 0 | F30: =ACTUAL!E32-Budget!E33 -> 0 | G30: =ACTUAL!F32-Budget!F33 -> 0 | H30: =ACTUAL!G32-Budget!G33 -> 0 | I30: =ACTUAL!H32-Budget!H33 -> 0 | J30: =ACTUAL!I32-Budget!I33 -> 0 | K30: =ACTUAL!J32-Budget!J33 -> 0 | ... N30: =ACTUAL!M32-Budget!M33 -> 0 | O30: =SUM(C30:N30) -> 0
B31: Subtotal COGS | C31: =C24+C26+C27+C28+C29+C30 -> 0 | D31: =D24+D26+D27+D28+D29+D30 -> 0 | E31: =E24+E26+E27+E28+E29+E30 -> 0 | F31: =F24+F26+F27+F28+F29+F30 -> 0 | G31: =G24+G26+G27+G28+G29+G30 -> 0 | H31: =H24+H26+H27+H28+H29+H30 -> 0 | I31: =I24+I26+I27+I28+I29+I30 -> 0 | J31: =J24+J26+J27+J28+J29+J30 -> 0 | ... N31: =N24+N26+N27+N28+N29+N30 -> 0 | O31: =SUBTOTAL(109,tblEmplPlan1415161922[YEAR]) -> 0
B33: TOTAL Gross Profit
B34: TOTAL Gross Profit (Product) | C34: =tblEmplPlan141720[[#Totals],[Jan]]-C24 -> 0 | D34: =tblEmplPlan141720[[#Totals],[Feb]]-D24 -> 0 | E34: =tblEmplPlan141720[[#Totals],[Mar]]-E24 -> 0 | F34: =tblEmplPlan141720[[#Totals],[Apr]]-F24 -> 0 | G34: =tblEmplPlan141720[[#Totals],[May]]-G24 -> 0 | H34: =tblEmplPlan141720[[#Totals],[Jun]]-H24 -> 0 | I34: =tblEmplPlan141720[[#Totals],[Jul]]-I24 -> 0 | J34: =tblEmplPlan141720[[#Totals],[Aug]]-J24 -> 0 | K34: =tblEmplPlan141720[[#Totals],[Sep]]-K24 -> 0 | L34: =tblEmplPlan141720[[#Totals],[Oct]]-L24 -> 0 | M34: =tblEmplPlan141720[[#Totals],[Nov]]-M24 -> 0 | N34: =tblEmplPlan141720[[#Totals],[Dec]]-N24 -> 0
B35: TOTAL Gross Profit (Services) | C35: =tblEmplPlan14151821[[#Totals],[Jan]]-C26-C27-C28-C29-C30 -> 0 | D35: =tblEmplPlan14151821[[#Totals],[Feb]]-D26-D27-D28-D29-D30 -> 0 | E35: =tblEmplPlan14151821[[#Totals],[Mar]]-E26-E27-E28-E29-E30 -> 0 | F35: =tblEmplPlan14151821[[#Totals],[Apr]]-F26-F27-F28-F29-F30 -> 0 | G35: =tblEmplPlan14151821[[#Totals],[May]]-G26-G27-G28-G29-G30 -> 0 | H35: =tblEmplPlan14151821[[#Totals],[Jun]]-H26-H27-H28-H29-H30 -> 0 | I35: =tblEmplPlan14151821[[#Totals],[Jul]]-I26-I27-I28-I29-I30 -> 0 | J35: =tblEmplPlan14151821[[#Totals],[Aug]]-J26-J27-J28-J29-J30 -> 0 | K35: =tblEmplPlan14151821[[#Totals],[Sep]]-K26-K27-K28-K29-K30 -> 0 | L35: =tblEmplPlan14151821[[#Totals],[Oct]]-L26-L27-L28-L29-L30 -> 0 | M35: =tblEmplPlan14151821[[#Totals],[Nov]]-M26-M27-M28-M29-M30 -> 0 | N35: =tblEmplPlan14151821[[#Totals],[Dec]]-N26-N27-N28-N29-N30 -> 0
B36: TOTAL Gross Profit | C36: =C34+C35 -> 0 | D36: =D34+D35 -> 0 | E36: =E34+E35 -> 0 | F36: =F34+F35 -> 0 | G36: =G34+G35 -> 0 | H36: =H34+H35 -> 0 | I36: =I34+I35 -> 0 | J36: =J34+J35 -> 0 | ... N36: =N34+N35 -> 0
B38: Actual Expenses | C38: Jan | D38: Feb | E38: Mar | F38: Apr | G38: May | H38: Jun | I38: Jul | J38: Aug | K38: Sep | L38: Oct | M38: Nov | N38: Dec | O38: YEAR
B39: Employee Costs | C39: Jan | D39: Feb | E39: Mar | F39: Apr | G39: May | H39: Jun | I39: Jul | J39: Aug | K39: Sep | L39: Oct | M39: Nov | N39: Dec | O39: YEAR
B40: Payroll - Admin | C40: =ACTUAL!B47-Budget!B48 -> 0 | D40: =ACTUAL!C47-Budget!C48 -> 0 | E40: =ACTUAL!D47-Budget!D48 -> 0 | F40: =ACTUAL!E47-Budget!E48 -> 0 | G40: =ACTUAL!F47-Budget!F48 -> 0 | H40: =ACTUAL!G47-Budget!G48 -> 0 | I40: =ACTUAL!H47-Budget!H48 -> 0 | J40: =ACTUAL!I47-Budget!I48 -> 0 | ... N40: =ACTUAL!M47-Budget!M48 -> 0 | O40: =SUM(C40:N40) -> 0
B41: Payroll - MSP | C41: =ACTUAL!B34-Budget!B35 -> 0 | D41: =ACTUAL!C34-Budget!C35 -> 0 | E41: =ACTUAL!D34-Budget!D35 -> 0 | F41: =ACTUAL!E34-Budget!E35 -> 0 | G41: =ACTUAL!F34-Budget!F35 -> 0 | H41: =ACTUAL!G34-Budget!G35 -> 0 | I41: =ACTUAL!H34-Budget!H35 -> 0 | J41: =ACTUAL!I34-Budget!I35 -> 0 | ... N41: =ACTUAL!M34-Budget!M35 -> 0 | O41: =SUM(C41:N41) -> 0
B42: Payroll - Web | C42: =ACTUAL!#REF!-Budget!#REF! -> #REF! | D42: =ACTUAL!#REF!-Budget!#REF! -> #REF! | E42: =ACTUAL!#REF!-Budget!#REF! -> #REF! | F42: =ACTUAL!#REF!-Budget!#REF! -> #REF! | G42: =ACTUAL!#REF!-Budget!#REF! -> #REF! | H42: =ACTUAL!#REF!-Budget!#REF! -> #REF! | I42: =ACTUAL!#REF!-Budget!#REF! -> #REF! | J42: =ACTUAL!#REF!-Budget!#REF! -> #REF! | ... N42: =ACTUAL!#REF!-Budget!#REF! -> #REF! | O42: =SUM(C42:N42) -> #REF!
B43: Payroll - Break-fix | C43: =ACTUAL!B35-Budget!B36 -> 0 | D43: =ACTUAL!C35-Budget!C36 -> 0 | E43: =ACTUAL!D35-Budget!D36 -> 0 | F43: =ACTUAL!E35-Budget!E36 -> 0 | G43: =ACTUAL!F35-Budget!F36 -> 0 | H43: =ACTUAL!G35-Budget!G36 -> 0 | I43: =ACTUAL!H35-Budget!H36 -> 0 | J43: =ACTUAL!I35-Budget!I36 -> 0 | ... N43: =ACTUAL!M35-Budget!M36 -> 0 | O43: =SUM(C43:N43) -> 0
B44: Payroll - Projects | C44: =ACTUAL!B37-Budget!B38 -> 0 | D44: =ACTUAL!C37-Budget!C38 -> 0 | E44: =ACTUAL!D37-Budget!D38 -> 0 | F44: =ACTUAL!E37-Budget!E38 -> 0 | G44: =ACTUAL!F37-Budget!F38 -> 0 | H44: =ACTUAL!G37-Budget!G38 -> 0 | I44: =ACTUAL!H37-Budget!H38 -> 0 | J44: =ACTUAL!I37-Budget!I38 -> 0 | ... N44: =ACTUAL!M37-Budget!M38 -> 0 | O44: =SUM(C44:N44) -> 0
B45: Payroll - Sales | C45: =ACTUAL!B82-Budget!B83 -> 0 | D45: =ACTUAL!C82-Budget!C83 -> 0 | E45: =ACTUAL!D82-Budget!D83 -> 0 | F45: =ACTUAL!E82-Budget!E83 -> 0 | G45: =ACTUAL!F82-Budget!F83 -> 0 | H45: =ACTUAL!G82-Budget!G83 -> 0 | I45: =ACTUAL!H82-Budget!H83 -> 0 | J45: =ACTUAL!I82-Budget!I83 -> 0 | ... N45: =ACTUAL!M82-Budget!M83 -> 0 | O45: =SUM(C45:N45) -> 0
B46: Payroll - Marketing | C46: =ACTUAL!B84-Budget!B85 -> 0 | D46: =ACTUAL!C84-Budget!C85 -> 0 | E46: =ACTUAL!D84-Budget!D85 -> 0 | F46: =ACTUAL!E84-Budget!E85 -> 0 | G46: =ACTUAL!F84-Budget!F85 -> 0 | H46: =ACTUAL!G84-Budget!G85 -> 0 | I46: =ACTUAL!H84-Budget!H85 -> 0 | J46: =ACTUAL!I84-Budget!I85 -> 0 | ... N46: =ACTUAL!M84-Budget!M85 -> 0 | O46: =SUM(C46:N46) -> 0
B47: Payroll - Taxes | C47: =ACTUAL!B48-Budget!B49 -> 0 | D47: =ACTUAL!C48-Budget!C49 -> 0 | E47: =ACTUAL!D48-Budget!D49 -> 0 | F47: =ACTUAL!E48-Budget!E49 -> 0 | G47: =ACTUAL!F48-Budget!F49 -> 0 | H47: =ACTUAL!G48-Budget!G49 -> 0 | I47: =ACTUAL!H48-Budget!H49 -> 0 | J47: =ACTUAL!I48-Budget!I49 -> 0 | ... N47: =ACTUAL!M48-Budget!M49 -> 0 | O47: =SUM(C47:N47) -> 0
B48: Benefits | C48: =ACTUAL!B49-Budget!B50 -> 0 | D48: =ACTUAL!C49-Budget!C50 -> 0 | E48: =ACTUAL!D49-Budget!D50 -> 0 | F48: =ACTUAL!E49-Budget!E50 -> 0 | G48: =ACTUAL!F49-Budget!F50 -> 0 | H48: =ACTUAL!G49-Budget!G50 -> 0 | I48: =ACTUAL!H49-Budget!H50 -> 0 | J48: =ACTUAL!I49-Budget!I50 -> 0 | ... N48: =ACTUAL!M49-Budget!M50 -> 0 | O48: =SUM(C48:N48) -> 0
B49: Subtotal | C49: =C40+C41+C43+C44+C45+C46+C48 -> 0 | D49: =D40+D41+D43+D44+D45+D46+D48 -> 0 | E49: =E40+E41+E43+E44+E45+E46+E48 -> 0 | F49: =F40+F41+F43+F44+F45+F46+F48 -> 0 | G49: =G40+G41+G43+G44+G45+G46+G48 -> 0 | H49: =H40+H41+H43+H44+H45+H46+H48 -> 0 | I49: =I40+I41+I43+I44+I45+I46+I48 -> 0 | J49: =J40+J41+J43+J44+J45+J46+J48 -> 0 | ... N49: =N40+N41+N43+N44+N45+N46+N48 -> 0 | O49: =SUBTOTAL(109,tblEmplPlan913[YEAR]) -> 0
B51: Office Costs | C51: Jan | D51: Feb | E51: Mar | F51: Apr | G51: May | H51: Jun | I51: Jul | J51: Aug | K51: Sep | L51: Oct | M51: Nov | N51: Dec | O51: YEAR
B52: Bank Service Charges | C52: =ACTUAL!B53-Budget!B54 -> 0 | D52: =ACTUAL!C53-Budget!C54 -> 0 | E52: =ACTUAL!D53-Budget!D54 -> 0 | F52: =ACTUAL!E53-Budget!E54 -> 0 | G52: =ACTUAL!F53-Budget!F54 -> 0 | H52: =ACTUAL!G53-Budget!G54 -> 0 | I52: =ACTUAL!H53-Budget!H54 -> 0 | J52: =ACTUAL!I53-Budget!I54 -> 0 | ... N52: =ACTUAL!M53-Budget!M54 -> 0 | O52: =SUM(C52:N52) -> 0
B53: Depreciation Expenses | C53: =ACTUAL!B54-Budget!B55 -> 0 | D53: =ACTUAL!C54-Budget!C55 -> 0 | E53: =ACTUAL!D54-Budget!D55 -> 0 | F53: =ACTUAL!E54-Budget!E55 -> 0 | G53: =ACTUAL!F54-Budget!F55 -> 0 | H53: =ACTUAL!G54-Budget!G55 -> 0 | I53: =ACTUAL!H54-Budget!H55 -> 0 | J53: =ACTUAL!I54-Budget!I55 -> 0 | ... N53: =ACTUAL!M54-Budget!M55 -> 0 | O53: =SUM(C53:N53) -> 0
B54: Dues and Subscriptions | C54: =ACTUAL!B55-Budget!B56 -> 0 | D54: =ACTUAL!C55-Budget!C56 -> 0 | E54: =ACTUAL!D55-Budget!D56 -> 0 | F54: =ACTUAL!E55-Budget!E56 -> 0 | G54: =ACTUAL!F55-Budget!F56 -> 0 | H54: =ACTUAL!G55-Budget!G56 -> 0 | I54: =ACTUAL!H55-Budget!H56 -> 0 | J54: =ACTUAL!I55-Budget!I56 -> 0 | ... N54: =ACTUAL!M55-Budget!M56 -> 0 | O54: =SUM(C54:N54) -> 0
B55: Equipment/Software Lease | C55: =ACTUAL!B56-Budget!B57 -> 0 | D55: =ACTUAL!C56-Budget!C57 -> 0 | E55: =ACTUAL!D56-Budget!D57 -> 0 | F55: =ACTUAL!E56-Budget!E57 -> 0 | G55: =ACTUAL!F56-Budget!F57 -> 0 | H55: =ACTUAL!G56-Budget!G57 -> 0 | I55: =ACTUAL!H56-Budget!H57 -> 0 | J55: =ACTUAL!I56-Budget!I57 -> 0 | ... N55: =ACTUAL!M56-Budget!M57 -> 0 | O55: =SUM(C55:N55) -> 0
B56: Insurances | C56: =ACTUAL!B57-Budget!B58 -> 0 | D56: =ACTUAL!C57-Budget!C58 -> 0 | E56: =ACTUAL!D57-Budget!D58 -> 0 | F56: =ACTUAL!E57-Budget!E58 -> 0 | G56: =ACTUAL!F57-Budget!F58 -> 0 | H56: =ACTUAL!G57-Budget!G58 -> 0 | I56: =ACTUAL!H57-Budget!H58 -> 0 | J56: =ACTUAL!I57-Budget!I58 -> 0 | ... N56: =ACTUAL!M57-Budget!M58 -> 0 | O56: =SUM(C56:N56) -> 0
B57: Dry Cleaning | C57: =ACTUAL!B59-Budget!B60 -> 0 | D57: =ACTUAL!C59-Budget!C60 -> 0 | E57: =ACTUAL!D59-Budget!D60 -> 0 | F57: =ACTUAL!E59-Budget!E60 -> 0 | G57: =ACTUAL!F59-Budget!F60 -> 0 | H57: =ACTUAL!G59-Budget!G60 -> 0 | I57: =ACTUAL!H59-Budget!H60 -> 0 | J57: =ACTUAL!I59-Budget!I60 -> 0 | ... N57: =ACTUAL!M59-Budget!M60 -> 0 | O57: =SUM(C57:N57) -> 0
B58: Licenses and Permits | C58: =ACTUAL!B60-Budget!B61 -> 0 | D58: =ACTUAL!C60-Budget!C61 -> 0 | E58: =ACTUAL!D60-Budget!D61 -> 0 | F58: =ACTUAL!E60-Budget!E61 -> 0 | G58: =ACTUAL!F60-Budget!F61 -> 0 | H58: =ACTUAL!G60-Budget!G61 -> 0 | I58: =ACTUAL!H60-Budget!H61 -> 0 | J58: =ACTUAL!I60-Budget!I61 -> 0 | ... N58: =ACTUAL!M60-Budget!M61 -> 0 | O58: =SUM(C58:N58) -> 0
B59: Professional Fees | C59: =ACTUAL!B61-Budget!B62 -> 0 | D59: =ACTUAL!C61-Budget!C62 -> 0 | E59: =ACTUAL!D61-Budget!D62 -> 0 | F59: =ACTUAL!E61-Budget!E62 -> 0 | G59: =ACTUAL!F61-Budget!F62 -> 0 | H59: =ACTUAL!G61-Budget!G62 -> 0 | I59: =ACTUAL!H61-Budget!H62 -> 0 | J59: =ACTUAL!I61-Budget!I62 -> 0 | ... N59: =ACTUAL!M61-Budget!M62 -> 0 | O59: =SUM(C59:N59) -> 0
B60: Rent | C60: =ACTUAL!B62-Budget!B63 -> 0 | D60: =ACTUAL!C62-Budget!C63 -> 0 | E60: =ACTUAL!D62-Budget!D63 -> 0 | F60: =ACTUAL!E62-Budget!E63 -> 0 | G60: =ACTUAL!F62-Budget!F63 -> 0 | H60: =ACTUAL!G62-Budget!G63 -> 0 | I60: =ACTUAL!H62-Budget!H63 -> 0 | J60: =ACTUAL!I62-Budget!I63 -> 0 | ... N60: =ACTUAL!M62-Budget!M63 -> 0 | O60: =SUM(C60:N60) -> 0
B61: Repairs | C61: =ACTUAL!B63-Budget!B64 -> 0 | D61: =ACTUAL!C63-Budget!C64 -> 0 | E61: =ACTUAL!D63-Budget!D64 -> 0 | F61: =ACTUAL!E63-Budget!E64 -> 0 | G61: =ACTUAL!F63-Budget!F64 -> 0 | H61: =ACTUAL!G63-Budget!G64 -> 0 | I61: =ACTUAL!H63-Budget!H64 -> 0 | J61: =ACTUAL!I63-Budget!I64 -> 0 | ... N61: =ACTUAL!M63-Budget!M64 -> 0 | O61: =SUM(C61:N61) -> 0
B62: Communication | C62: =ACTUAL!B64-Budget!B65 -> 0 | D62: =ACTUAL!C64-Budget!C65 -> 0 | E62: =ACTUAL!D64-Budget!D65 -> 0 | F62: =ACTUAL!E64-Budget!E65 -> 0 | G62: =ACTUAL!F64-Budget!F65 -> 0 | H62: =ACTUAL!G64-Budget!G65 -> 0 | I62: =ACTUAL!H64-Budget!H65 -> 0 | J62: =ACTUAL!I64-Budget!I65 -> 0 | ... N62: =ACTUAL!M64-Budget!M65 -> 0 | O62: =SUM(C62:N62) -> 0
B63: Travel and Entertainment | C63: =ACTUAL!B65-Budget!B66 -> 0 | D63: =ACTUAL!C65-Budget!C66 -> 0 | E63: =ACTUAL!D65-Budget!D66 -> 0 | F63: =ACTUAL!E65-Budget!E66 -> 0 | G63: =ACTUAL!F65-Budget!F66 -> 0 | H63: =ACTUAL!G65-Budget!G66 -> 0 | I63: =ACTUAL!H65-Budget!H66 -> 0 | J63: =ACTUAL!I65-Budget!I66 -> 0 | ... N63: =ACTUAL!M65-Budget!M66 -> 0 | O63: =SUM(C63:N63) -> 0
B64: Utilities | C64: =ACTUAL!B66-Budget!B67 -> 0 | D64: =ACTUAL!C66-Budget!C67 -> 0 | E64: =ACTUAL!D66-Budget!D67 -> 0 | F64: =ACTUAL!E66-Budget!E67 -> 0 | G64: =ACTUAL!F66-Budget!F67 -> 0 | H64: =ACTUAL!G66-Budget!G67 -> 0 | I64: =ACTUAL!H66-Budget!H67 -> 0 | J64: =ACTUAL!I66-Budget!I67 -> 0 | ... N64: =ACTUAL!M66-Budget!M67 -> 0 | O64: =SUM(C64:N64) -> 0
B65: Alarm Monitoring | C65: =ACTUAL!B67-Budget!B68 -> 0 | D65: =ACTUAL!C67-Budget!C68 -> 0 | E65: =ACTUAL!D67-Budget!D68 -> 0 | F65: =ACTUAL!E67-Budget!E68 -> 0 | G65: =ACTUAL!F67-Budget!F68 -> 0 | H65: =ACTUAL!G67-Budget!G68 -> 0 | I65: =ACTUAL!H67-Budget!H68 -> 0 | J65: =ACTUAL!I67-Budget!I68 -> 0 | ... N65: =ACTUAL!M67-Budget!M68 -> 0 | O65: =SUM(C65:N65) -> 0
B66: Office Supplies | C66: =ACTUAL!B68-Budget!B69 -> 0 | D66: =ACTUAL!C68-Budget!C69 -> 0 | E66: =ACTUAL!D68-Budget!D69 -> 0 | F66: =ACTUAL!E68-Budget!E69 -> 0 | G66: =ACTUAL!F68-Budget!F69 -> 0 | H66: =ACTUAL!G68-Budget!G69 -> 0 | I66: =ACTUAL!H68-Budget!H69 -> 0 | J66: =ACTUAL!I68-Budget!I69 -> 0 | ... N66: =ACTUAL!M68-Budget!M69 -> 0 | O66: =SUM(C66:N66) -> 0
B67: Property/Bldg Taxes | C67: =ACTUAL!B69-Budget!B70 -> 0 | D67: =ACTUAL!C69-Budget!C70 -> 0 | E67: =ACTUAL!D69-Budget!D70 -> 0 | F67: =ACTUAL!E69-Budget!E70 -> 0 | G67: =ACTUAL!F69-Budget!F70 -> 0 | H67: =ACTUAL!G69-Budget!G70 -> 0 | I67: =ACTUAL!H69-Budget!H70 -> 0 | J67: =ACTUAL!I69-Budget!I70 -> 0 | ... N67: =ACTUAL!M69-Budget!M70 -> 0 | O67: =SUM(C67:N67) -> 0
B68: Contributions | C68: =ACTUAL!B70-Budget!B71 -> 0 | D68: =ACTUAL!C70-Budget!C71 -> 0 | E68: =ACTUAL!D70-Budget!D71 -> 0 | F68: =ACTUAL!E70-Budget!E71 -> 0 | G68: =ACTUAL!F70-Budget!F71 -> 0 | H68: =ACTUAL!G70-Budget!G71 -> 0 | I68: =ACTUAL!H70-Budget!H71 -> 0 | J68: =ACTUAL!I70-Budget!I71 -> 0 | ... N68: =ACTUAL!M70-Budget!M71 -> 0 | O68: =SUM(C68:N68) -> 0
B69: Professional Development** | C69: =ACTUAL!B71-Budget!B72 -> 0 | D69: =ACTUAL!C71-Budget!C72 -> 0 | E69: =ACTUAL!D71-Budget!D72 -> 0 | F69: =ACTUAL!E71-Budget!E72 -> 0 | G69: =ACTUAL!F71-Budget!F72 -> 0 | H69: =ACTUAL!G71-Budget!G72 -> 0 | I69: =ACTUAL!H71-Budget!H72 -> 0 | J69: =ACTUAL!I71-Budget!I72 -> 0 | ... N69: =ACTUAL!M71-Budget!M72 -> 0 | O69: =SUM(C69:N69) -> 0
B70: Subtotal | C70: =SUBTOTAL(109,tblOffPlan510[Jan]) -> 0 | D70: =SUBTOTAL(109,tblOffPlan510[Feb]) -> 0 | E70: =SUBTOTAL(109,tblOffPlan510[Mar]) -> 0 | F70: =SUBTOTAL(109,tblOffPlan510[Apr]) -> 0 | G70: =SUBTOTAL(109,tblOffPlan510[May]) -> 0 | H70: =SUBTOTAL(109,tblOffPlan510[Jun]) -> 0 | I70: =SUBTOTAL(109,tblOffPlan510[Jul]) -> 0 | J70: =SUBTOTAL(109,tblOffPlan510[Aug]) -> 0 | K70: =SUBTOTAL(109,tblOffPlan510[Sep]) -> 0 | L70: =SUBTOTAL(109,tblOffPlan510[Oct]) -> 0 | M70: =SUBTOTAL(109,tblOffPlan510[Nov]) -> 0 | N70: =SUBTOTAL(109,tblOffPlan510[Dec]) -> 0 | O70: =SUBTOTAL(109,tblOffPlan510[YEAR]) -> 0
B72: Marketing and Sales Costs | C72: Jan | D72: Feb | E72: Mar | F72: Apr | G72: May | H72: Jun | I72: Jul | J72: Aug | K72: Sep | L72: Oct | M72: Nov | N72: Dec | O72: YEAR
B73: vCIO/Acct. Mgmt | C73: =ACTUAL!B75-Budget!B76 -> 0 | D73: =ACTUAL!C75-Budget!C76 -> 0 | E73: =ACTUAL!D75-Budget!D76 -> #REF! | F73: =ACTUAL!E75-Budget!E76 -> #REF! | G73: =ACTUAL!F75-Budget!F76 -> #REF! | H73: =ACTUAL!G75-Budget!G76 -> #REF! | I73: =ACTUAL!H75-Budget!H76 -> #REF! | J73: =ACTUAL!I75-Budget!I76 -> #REF! | ... N73: =ACTUAL!M75-Budget!M76 -> #REF! | O73: =SUM(C73:N73) -> #REF!
B74: Pre-Sales | C74: =ACTUAL!B76-Budget!B77 -> 0 | O74: =SUM(C74:N74) -> 0
B75: Marketing Subscriptions/Software | C75: =ACTUAL!B77-Budget!B78 -> 0 | D75: =ACTUAL!C77-Budget!C78 -> 0 | E75: =ACTUAL!D77-Budget!D78 -> 0 | F75: =ACTUAL!E77-Budget!E78 -> 0 | G75: =ACTUAL!F77-Budget!F78 -> 0 | H75: =ACTUAL!G77-Budget!G78 -> 0 | I75: =ACTUAL!H77-Budget!H78 -> 0 | J75: =ACTUAL!I77-Budget!I78 -> 0 | ... N75: =ACTUAL!M77-Budget!M78 -> 0 | O75: =SUM(C75:N75) -> 0
B76: AGJ Clothes | C76: =ACTUAL!B78-Budget!B79 -> 0 | D76: =ACTUAL!C78-Budget!C79 -> 0 | E76: =ACTUAL!D78-Budget!D79 -> 0 | F76: =ACTUAL!E78-Budget!E79 -> 0 | G76: =ACTUAL!F78-Budget!F79 -> 0 | H76: =ACTUAL!G78-Budget!G79 -> 0 | I76: =ACTUAL!H78-Budget!H79 -> 0 | J76: =ACTUAL!I78-Budget!I79 -> 0 | ... N76: =ACTUAL!M78-Budget!M79 -> 0 | O76: =SUM(C76:N76) -> 0
B77: Events | C77: =ACTUAL!B80-Budget!B81 -> 0 | D77: =ACTUAL!C80-Budget!C81 -> 0 | E77: =ACTUAL!D80-Budget!D81 -> 0 | F77: =ACTUAL!E80-Budget!E81 -> 0 | G77: =ACTUAL!F80-Budget!F81 -> 0 | H77: =ACTUAL!G80-Budget!G81 -> 0 | I77: =ACTUAL!H80-Budget!H81 -> 0 | J77: =ACTUAL!I80-Budget!I81 -> 0 | ... N77: =ACTUAL!M80-Budget!M81 -> 0 | O77: =SUM(C77:N77) -> 0
B78: Marketing Travel/Food* | C78: =ACTUAL!B79-Budget!B80 -> 0 | D78: =ACTUAL!C79-Budget!C80 -> 0 | E78: =ACTUAL!D79-Budget!D80 -> 0 | F78: =ACTUAL!E79-Budget!E80 -> 0 | G78: =ACTUAL!F79-Budget!F80 -> 0 | H78: =ACTUAL!G79-Budget!G80 -> 0 | I78: =ACTUAL!H79-Budget!H80 -> 0 | J78: =ACTUAL!I79-Budget!I80 -> 0 | ... N78: =ACTUAL!M79-Budget!M80 -> 0 | O78: =SUM(C78:N78) -> 0
B79: Campaigns | C79: =ACTUAL!B80-Budget!B81 -> 0 | D79: =ACTUAL!C80-Budget!C81 -> 0 | E79: =ACTUAL!D80-Budget!D81 -> 0 | F79: =ACTUAL!E80-Budget!E81 -> 0 | G79: =ACTUAL!F80-Budget!F81 -> 0 | H79: =ACTUAL!G80-Budget!G81 -> 0 | I79: =ACTUAL!H80-Budget!H81 -> 0 | J79: =ACTUAL!I80-Budget!I81 -> 0 | ... N79: =ACTUAL!M80-Budget!M81 -> 0 | O79: =SUM(C79:N79) -> 0
B80: Subtotal | C80: =SUBTOTAL(109,tblMarkPlan611[Jan]) -> 0 | D80: =SUBTOTAL(109,tblMarkPlan611[Feb]) -> 0 | E80: =SUBTOTAL(109,tblMarkPlan611[Mar]) -> #REF! | F80: =SUBTOTAL(109,tblMarkPlan611[Apr]) -> #REF! | G80: =SUBTOTAL(109,tblMarkPlan611[May]) -> #REF! | H80: =SUBTOTAL(109,tblMarkPlan611[Jun]) -> #REF! | I80: =SUBTOTAL(109,tblMarkPlan611[Jul]) -> #REF! | J80: =SUBTOTAL(109,tblMarkPlan611[Aug]) -> #REF! | K80: =SUBTOTAL(109,tblMarkPlan611[Sep]) -> #REF! | L80: =SUBTOTAL(109,tblMarkPlan611[Oct]) -> #REF! | M80: =SUBTOTAL(109,tblMarkPlan611[Nov]) -> #REF! | N80: =SUBTOTAL(109,tblMarkPlan611[Dec]) -> #REF! | O80: =SUBTOTAL(109,tblMarkPlan611[YEAR]) -> #REF!
B82: Automobile Costs | C82: Jan | D82: Feb | E82: Mar | F82: Apr | G82: May | H82: Jun | I82: Jul | J82: Aug | K82: Sep | L82: Oct | M82: Nov | N82: Dec | O82: YEAR
B83: Mileage | C83: =ACTUAL!B88-Budget!B89 -> 0 | D83: =ACTUAL!C88-Budget!C89 -> 0 | E83: =ACTUAL!D88-Budget!D89 -> 0 | F83: =ACTUAL!E88-Budget!E89 -> 0 | G83: =ACTUAL!F88-Budget!F89 -> 0 | H83: =ACTUAL!G88-Budget!G89 -> 0 | I83: =ACTUAL!H88-Budget!H89 -> 0 | J83: =ACTUAL!I88-Budget!I89 -> 0 | ... N83: =ACTUAL!M88-Budget!M89 -> 0 | O83: =SUM(C83:N83) -> 0
B84: Maintenance | C84: =ACTUAL!B89-Budget!B90 -> 0 | D84: =ACTUAL!C89-Budget!C90 -> 0 | E84: =ACTUAL!D89-Budget!D90 -> 0 | F84: =ACTUAL!E89-Budget!E90 -> 0 | G84: =ACTUAL!F89-Budget!F90 -> 0 | H84: =ACTUAL!G89-Budget!G90 -> 0 | I84: =ACTUAL!H89-Budget!H90 -> 0 | J84: =ACTUAL!I89-Budget!I90 -> 0 | ... N84: =ACTUAL!M89-Budget!M90 -> 0 | O84: =SUM(C84:N84) -> 0
B85: Subtotal | C85: =SUBTOTAL(109,tblTrainPlan712[Jan]) -> 0 | D85: =SUBTOTAL(109,tblTrainPlan712[Feb]) -> 0 | E85: =SUBTOTAL(109,tblTrainPlan712[Mar]) -> 0 | F85: =SUBTOTAL(109,tblTrainPlan712[Apr]) -> 0 | G85: =SUBTOTAL(109,tblTrainPlan712[May]) -> 0 | H85: =SUBTOTAL(109,tblTrainPlan712[Jun]) -> 0 | I85: =SUBTOTAL(109,tblTrainPlan712[Jul]) -> 0 | J85: =SUBTOTAL(109,tblTrainPlan712[Aug]) -> 0 | K85: =SUBTOTAL(109,tblTrainPlan712[Sep]) -> 0 | L85: =SUBTOTAL(109,tblTrainPlan712[Oct]) -> 0 | M85: =SUBTOTAL(109,tblTrainPlan712[Nov]) -> 0 | N85: =SUBTOTAL(109,tblTrainPlan712[Dec]) -> 0 | O85: =SUBTOTAL(109,tblTrainPlan712[YEAR]) -> 0
B87: TOTALS - Expenses
B88: Monthly Actual Expenses | C88: =tblEmplPlan913[[#Totals],[Jan]]+tblOffPlan510[[#Totals],[Jan]]+tblMarkPlan611[[#Totals],[Jan]]+tblTrainPlan712[[#Totals],[Jan]] -> 0 | D88: =tblEmplPlan913[[#Totals],[Feb]]+tblOffPlan510[[#Totals],[Feb]]+tblMarkPlan611[[#Totals],[Feb]]+tblTrainPlan712[[#Totals],[Feb]] -> 0 | E88: =tblEmplPlan913[[#Totals],[Mar]]+tblOffPlan510[[#Totals],[Mar]]+tblMarkPlan611[[#Totals],[Mar]]+tblTrainPlan712[[#Totals],[Mar]] -> #REF! | F88: =tblEmplPlan913[[#Totals],[Apr]]+tblOffPlan510[[#Totals],[Apr]]+tblMarkPlan611[[#Totals],[Apr]]+tblTrainPlan712[[#Totals],[Apr]] -> #REF! | G88: =tblEmplPlan913[[#Totals],[May]]+tblOffPlan510[[#Totals],[May]]+tblMarkPlan611[[#Totals],[May]]+tblTrainPlan712[[#Totals],[May]] -> #REF! | H88: =tblEmplPlan913[[#Totals],[Jun]]+tblOffPlan510[[#Totals],[Jun]]+tblMarkPlan611[[#Totals],[Jun]]+tblTrainPlan712[[#Totals],[Jun]] -> #REF! | I88: =tblEmplPlan913[[#Totals],[Jul]]+tblOffPlan510[[#Totals],[Jul]]+tblMarkPlan611[[#Totals],[Jul]]+tblTrainPlan712[[#Totals],[Jul]] -> #REF! | J88: =tblEmplPlan913[[#Totals],[Aug]]+tblOffPlan510[[#Totals],[Aug]]+tblMarkPlan611[[#Totals],[Aug]]+tblTrainPlan712[[#Totals],[Aug]] -> #REF! | K88: =tblEmplPlan913[[#Totals],[Sep]]+tblOffPlan510[[#Totals],[Sep]]+tblMarkPlan611[[#Totals],[Sep]]+tblTrainPlan712[[#Totals],[Sep]] -> #REF! | L88: =tblEmplPlan913[[#Totals],[Oct]]+tblOffPlan510[[#Totals],[Oct]]+tblMarkPlan611[[#Totals],[Oct]]+tblTrainPlan712[[#Totals],[Oct]] -> #REF! | M88: =tblEmplPlan913[[#Totals],[Nov]]+tblOffPlan510[[#Totals],[Nov]]+tblMarkPlan611[[#Totals],[Nov]]+tblTrainPlan712[[#Totals],[Nov]] -> #REF! | N88: =tblEmplPlan913[[#Totals],[Dec]]+tblOffPlan510[[#Totals],[Dec]]+tblMarkPlan611[[#Totals],[Dec]]+tblTrainPlan712[[#Totals],[Dec]] -> #REF! | O88: =tblTrainPlan712[[#Totals],[YEAR]]+tblMarkPlan611[[#Totals],[YEAR]]+tblOffPlan510[[#Totals],[YEAR]]+tblEmplPlan913[[#Totals],[YEAR]] -> #REF!
B89: TOTAL Actual Expenses | C89: =SUM($C$88:C88) -> 0 | D89: =SUM($C$88:D88) -> 0 | E89: =SUM($C$88:E88) -> #REF! | F89: =SUM($C$88:F88) -> #REF! | G89: =SUM($C$88:G88) -> #REF! | H89: =SUM($C$88:H88) -> #REF! | I89: =SUM($C$88:I88) -> #REF! | J89: =SUM($C$88:J88) -> #REF! | ... N89: =SUM($C$88:N88) -> #REF!
B91: TOTALS
B92: Monthly Profit | C92: =C36-C88 -> 0 | D92: =D36-D88 -> 0 | E92: =E36-E88 -> #REF! | F92: =F36-F88 -> #REF! | G92: =G36-G88 -> #REF! | H92: =H36-H88 -> #REF! | I92: =I36-I88 -> #REF! | J92: =J36-J88 -> #REF! | ... N92: =N36-N88 -> #REF!
B93: Asset Payments
B94: Cash Projection | C94: =C92-C93 -> 0 | D94: =D92-D93 -> 0 | E94: =E92-E93 -> #REF! | F94: =F92-F93 -> #REF! | G94: =G92-G93 -> #REF! | H94: =H92-H93 -> #REF! | I94: =I92-I93 -> #REF! | J94: =J92-J93 -> #REF! | ... N94: =N92-N93 -> #REF!
B96: Profit By Department
B97: MSP | C97: =C12-C26-C41 -> 0 | D97: =D12-D26-D41 -> 0 | E97: =E12-E26-E41 -> 0 | F97: =F12-F26-F41 -> 0 | G97: =G12-G26-G41 -> 0 | H97: =H12-H26-H41 -> 0 | I97: =I12-I26-I41 -> 0 | J97: =J12-J26-J41 -> 0 | ... N97: =N12-N26-N41 -> 0
B98: Break-Fix | C98: =C15-C28-C43 -> 0 | D98: =D15-D28-D43 -> 0 | E98: =E15-E28-E43 -> 0 | F98: =F15-F28-F43 -> 0 | G98: =G15-G28-G43 -> 0 | H98: =H15-H28-H43 -> 0 | I98: =I15-I28-I43 -> 0 | J98: =J15-J28-J43 -> 0 | ... N98: =N15-N28-N43 -> 0
B99: Web | C99: =C16-C29-C42 -> #REF! | D99: =D16-D29-D42 -> #REF! | E99: =E16-E29-E42 -> #REF! | F99: =F16-F29-F42 -> #REF! | G99: =G16-G29-G42 -> #REF! | H99: =H16-H29-H42 -> #REF! | I99: =I16-I29-I42 -> #REF! | J99: =J16-J29-J42 -> #REF! | ... N99: =N16-N29-N42 -> #REF!
B100: Projects | C100: =C14-C27-C44 -> 0 | D100: =D14-D27-D44 -> 0 | E100: =E14-E27-E44 -> 0 | F100: =F14-F27-F44 -> 0 | G100: =G14-G27-G44 -> 0 | H100: =H14-H27-H44 -> 0 | I100: =I14-I27-I44 -> 0 | J100: =J14-J27-J44 -> 0 | ... N100: =N14-N27-N44 -> 0
B101: Products | C101: =tblEmplPlan141720[[#Totals],[Jan]]-C24 -> 0 | D101: =tblEmplPlan141720[[#Totals],[Feb]]-D24 -> 0 | E101: =tblEmplPlan141720[[#Totals],[Mar]]-E24 -> 0 | F101: =tblEmplPlan141720[[#Totals],[Apr]]-F24 -> 0 | G101: =tblEmplPlan141720[[#Totals],[May]]-G24 -> 0 | H101: =tblEmplPlan141720[[#Totals],[Jun]]-H24 -> 0 | I101: =tblEmplPlan141720[[#Totals],[Jul]]-I24 -> 0 | J101: =tblEmplPlan141720[[#Totals],[Aug]]-J24 -> 0 | K101: =tblEmplPlan141720[[#Totals],[Sep]]-K24 -> 0 | L101: =tblEmplPlan141720[[#Totals],[Oct]]-L24 -> 0 | M101: =tblEmplPlan141720[[#Totals],[Nov]]-M24 -> 0 | N101: =tblEmplPlan141720[[#Totals],[Dec]]-N24 -> 0
B104: Notes: Paul DuVall categorized as MSP COGs
B105: * RR Meeting
B106: ** EOS - Ken and Taylor Bus Group

Sheet Sheet1
